 Dungeon Crawl Stone Soup version 0.24.0-1-gfbc8707 (webtiles) character file.

Game seed: 7016757697996603448, levelgen mode: deterministic

14176999 TheGoonsmith the Conqueror (level 27, 156/179 HPs)
             Began as a Gargoyle Fighter on Nov 10, 2019.
             Was the Champion of the Shining One.
             Escaped with the Orb
             ... and 15 runes on Nov 13, 2019!
             The game lasted 05:19:25 (112561 turns).

TheGoonsmith the Conqueror (Gargoyle Fighter)     Turns: 112561, Time: 05:19:25

Health: 156/179    AC: 68    Str: 22      XL:     27
Magic:  39/39      EV: 19    Int: 10      God:    the Shining One [******]
Gold:   7479       SH: 36    Dex: 18 (19) Spells: 49/59 levels left

rFire    + + +     SeeInvis .   a - +9 sacred scourge (holy)
rCold    + + +     Gourm    .   Z - +10 large shield of Ignorance {rN+ Int-4}
rNeg     + + +     Faith    +   W - +6 gold dragon scales
rPois    ∞         Spirit   +   Y - +2 hat of the Bear Spirit {Spirit, +Rage rN+ MR++}
rElec    +         Reflect  .   M - +2 cloak
rCorr    +         Harm     .   s - +2 pair of gloves {Dex+3}
MR       +++++     Rnd*Rage +   C - +2 pair of boots {run} Stlth ..........Rnd*Tele +
                                X - amulet of Okarugao {Faith rC++ MR+ Str-2 Dex+4}
HPRegen  0.39/turn              R - ring of resist corrosion
MPRegen  0.26/turn              B - ring of the Cast Vote {+Blink rF++ rN+ Int+7}

@: flying, glowing, studying Air Magic, quick
A: big wings, hooves 1, horns 1, iridescent scales 1, thin metallic scales 1,
yellow scales 1, berserk 2, blink, clumsy 1, deformed body, deterioration 1,
dopey 1, frail 1, low mp 1, negative energy resistance 1, screaming 2,
electricity resistance, teleportitis 3, weak 2, unbreathing, petrification
resistance, no potion heal 1, rot immunity, subdued magic 2, MP-powered wands,
AC +20
0: Orb of Zot
}: 15/15 runes: decaying, serpentine, slimy, silver, golden, iron, obsidian,
icy, bone, abyssal, demonic, glowing, magical, fiery, dark
a: Stop Flying, Blink, Divine Shield, Cleansing Flame, Summon Divine Warrior,
Renounce Religion, Evoke Blink, Evoke Berserk Rage


You escaped.
You worshipped the Shining One.
The Shining One was exalted by your worship.
You were not hungry.

You visited 17 branches of the dungeon, and saw 89 of its levels.
You visited Pandemonium 1 time, and saw 12 of its levels.
You visited the Abyss 2 times.
You visited 1 bazaar.
You also visited: Sewer and Ice Cave.

You collected 15758 gold pieces.
You spent 8279 gold pieces at shops.

Inventory:

Hand Weapons
 a - a +9 sacred scourge of holy wrath (weapon)
 b - the +9 fustibalus of Mayhem {speed, MP+9 Dex+3 SInv}
   (You bought it in a shop on level 2 of the Orcish Mines)

   Attacks with this weapon are significantly faster.
   It affects your dexterity (+3).
   It affects your magic capacity (+9).
   It lets you see invisible.
Missiles
 c - 1831 stones (quivered)
 N - 664 sling bullets
Armour
 h - the +0 cloak "Ketim" {rElec rN+ Str-3}
   (Okawaru gifted it to you on level 5 of the Vaults)

   It affects your strength (-3).
   It insulates you from electricity.
   It protects you from negative energy.
 s - a +2 pair of gloves of dexterity (worn)
 C - a +2 pair of boots of running (worn)
 M - a +2 cloak (worn)
 W - +6 gold dragon scales (worn)
 Y - the +2 hat of the Bear Spirit (worn) {Spirit, +Rage rN+ MR++}
   (You found it on level 4 of the Lair of Beasts)

   It protects you from negative energy.
   It affects your resistance to hostile enchantments.
   It lets you go berserk.
 Z - the +10 large shield of Ignorance (worn) {rN+ Int-4}
   (You found it on level 2 of the Vaults)

   It affects your intelligence (-4).
   It protects you from negative energy.
Jewellery
 j - the amulet of the Four Winds {rN+ MR+++ Clar}
   (You found it on level 6 of the Lair of Beasts)

   [amulet of nothing]

   It protects you from negative energy.
   It affects your resistance to hostile enchantments.
   It protects you against confusion.
 p - an uncursed amulet of magic regeneration
 w - the ring "Leatuif" {rF+ MR++ MP-9 Dex+7}
   (You found it on level 2 of the Snake Pit)

   [ring of protection from fire]

   It affects your dexterity (+7).
   It protects you from fire.
   It affects your resistance to hostile enchantments.
   It affects your magic capacity (-9).
 B - the ring of the Cast Vote (right hand) {+Blink rF++ rN+ Int+7}
   (You found it on level 4 of the Dungeon)

   [ring of positive energy]

   It affects your intelligence (+7).
   It greatly protects you from fire.
   It protects you from negative energy.
   It lets you blink.
 R - a ring of resist corrosion (left hand)
 U - an uncursed amulet of rage
 X - the amulet of Okarugao (around neck) {Faith rC++ MR+ Str-2 Dex+4}
   (You acquired it on level 2 of the Depths)

   [amulet of faith]

   It allows you to gain divine favour quickly.
   It affects your strength (-2).
   It affects your dexterity (+4).
   It greatly protects you from cold.
   It affects your resistance to hostile enchantments.
Wands
 q - a wand of digging (42)
 y - a wand of iceblast (91)
 G - a wand of acid (23)
 L - a wand of enslavement (10)
 O - a wand of scattershot (16)
 V - a wand of paralysis (73)
Scrolls
 e - 18 scrolls of teleportation
 g - 35 scrolls of remove curse
 l - 10 scrolls of fog
 n - 15 scrolls of blinking
 o - a scroll of silence
 r - 33 scrolls of identify
 u - 3 scrolls of enchant armour
 x - 4 scrolls of holy word
 H - 2 scrolls of brand weapon
 I - 11 scrolls of enchant weapon
 P - 9 scrolls of fear
 Q - a scroll of summoning
 S - 5 scrolls of magic mapping
Potions
 d - 7 potions of might
 i - 8 potions of agility
 k - 46 potions of curing
 t - 24 potions of heal wounds
 z - 20 potions of haste
 A - 5 potions of cancellation
 D - 4 potions of resistance
 F - 8 potions of berserk rage
 J - a potion of ambrosia
 T - 11 potions of lignification
Books
 K - a manual of Air Magic
Miscellaneous
 m - 12 sacks of spiders
 v - a lamp of fire
 E - 8 boxes of beasts
Comestibles
 f - 57 rations


   Skills:
 O Level 27 Fighting
 - Level 23.5 Maces & Flails
 - Level 14.0 Slings
 O Level 27 Armour
 - Level 24.0 Dodging
 - Level 25.0 Shields
 - Level 16.9 Spellcasting
 - Level 16.5 Charms
 - Level 8.6 Translocations
 - Level 15.4 Air Magic
 + Level 25.0 Invocations
 - Level 8.0 Evocations


You had 49 spell levels left.
You knew the following spells:

 Your Spells              Type           Power        Failure   Level  Hunger
a - Blink                 Tloc           N/A          1%          2    None
b - Swiftness             Chrm/Air       ####....     1%          2    None
c - Deflect Missiles      Chrm/Air       ####......   9%          6    ######.

Your spell library contained the following spells:

 Spells                   Type           Power        Failure   Level  Hunger
 Infusion                 Chrm           ####         0%          1    None
 Apportation              Tloc           ###...       1%          1    None
 Shock                    Conj/Air       ##..         1%          1    None
 Poisonous Vapours        Pois/Air       ##....       1%          2    None
 Shroud of Golubria       Chrm/Tloc      ###...       1%          2    None
 Song of Slaying          Chrm           ####....     1%          2    None
 Airstrike                Air            ###.......   1%          4    ###....
 Gell's Gravitas          Tloc           ###.......   3%          3    None
 Lesser Beckoning         Tloc           ###.......   3%          3    None
 Ozocubu's Armour         Chrm/Ice       ###.....     3%          3    None
 Regeneration             Chrm/Necr      ###.......   3%          3    None
 Spectral Weapon          Hex/Chrm       ###.....     3%          3    None
 Teleport Other           Tloc           ###.....     3%          3    None
 Static Discharge         Conj/Air       ##......     4%          3    None
 Mephitic Cloud           Conj/Pois/Air  ##......     16%         3    None
 Summon Lightning Spire   Summ/Air       ##......     19%         4    ###....
 Portal Projectile        Hex/Tloc       ##....       22%         3    None
 Recall                   Summ/Tloc      N/A          22%         3    None
 Iskenderun's Battlesphe  Conj/Chrm      ###.....     41%         5    #####..
 Animate Skeleton         Necr           N/A          43%         1    None
 Beastly Appendage        Tmut           #.....       43%         1    None
 Confusing Touch          Hex            #.....       43%         1    None
 Corona                   Hex            #......      43%         1    None
 Flame Tongue             Conj/Fire      #....        43%         1    None
 Freeze                   Ice            #...         43%         1    None
 Magic Dart               Conj           #...         43%         1    None
 Pain                     Necr           #...         43%         1    None
 Sandblast                Erth           #.....       43%         1    None
 Summon Butterflies       Summ           #.......     43%         1    None
 Summon Small Mammal      Summ           #...         43%         1    None
 Lightning Bolt           Conj/Air       ##........   47%         5    #####..
 Silence                  Hex/Air        ##........   47%         5    #####..
 Call Imp                 Summ           #.......     58%         2    None
 Corpse Rot               Necr           N/A          58%         2    None
 Ensorcelled Hibernation  Hex/Ice        #.....       58%         2    None
 Passwall                 Tmut/Erth      #.......     58%         2    None
 Searing Ray              Conj           #.....       58%         2    None
 Slow                     Hex            #.......     58%         2    None
 Sticks to Snakes         Tmut           #.......     58%         2    None
 Throw Flame              Conj/Fire      #.....       58%         2    None
 Throw Frost              Conj/Ice       #.....       58%         2    None
 Force Lance              Conj/Tloc      ##......     63%         4    ###....
 Call Canine Familiar     Summ           #.......     83%         3    None
 Confuse                  Hex            #.......     83%         3    None
 Conjure Flame            Conj/Fire      #.......     83%         3    None
 Dazzling Spray           Conj/Hex       #.....       83%         3    None
 Inner Flame              Hex/Fire       #.......     83%         3    None
 Spider Form              Tmut/Pois      #.........   83%         3    None
 Stone Arrow              Conj/Erth      #.....       83%         3    None
 Summon Guardian Golem    Hex/Summ       #.......     83%         3    None
 Tukima's Dance           Hex            #.......     83%         3    None
 Vampiric Draining        Necr           #.........   83%         3    None
 Dispersal                Tloc           ###.......   92%         6    ######.
 Summon Forest            Summ/Tloc      ##........   93%         5    #####..
 Conjure Ball Lightning   Conj/Air       ##........   97%         6    ######.
 Animate Dead             Necr           N/A          99%         4    ###....
 Cause Fear               Hex            #.........   99%         4    ###....
 Fulminant Prism          Conj/Hex       #.........   99%         4    ###....
 Ice Form                 Ice/Tmut       #.......     99%         4    ###....
 Iskenderun's Mystic Bla  Conj           #.......     99%         4    ###....
 Leda's Liquefaction      Hex/Erth       #.........   99%         4    ###....
 Petrify                  Tmut/Erth      #.......     99%         4    ###....
 Sticky Flame             Conj/Fire      #.......     99%         4    ###....
 Summon Ice Beast         Ice/Summ       #.......     99%         4    ###....
 Throw Icicle             Conj/Ice       #.......     99%         4    ###....
 Aura of Abjuration       Summ           #.........   100%        5    #####..
 Blade Hands              Tmut           #.........   100%        5    #####..
 Bolt of Draining         Conj/Necr      #.........   100%        5    #####..
 Bolt of Magma            Conj/Fire/Erth #.........   100%        5    #####..
 Borgnjor's Vile Clutch   Necr/Erth      #.........   100%        5    #####..
 Fireball                 Conj/Fire      #.........   100%        5    #####..
 Irradiate                Conj/Tmut      #.........   100%        5    #####..
 Lee's Rapid Deconstruct  Erth           #.........   100%        5    #####..
 Metabolic Englaciation   Hex/Ice        #.........   100%        5    #####..
 Summon Demon             Summ           #.........   100%        5    #####..
 Summon Mana Viper        Hex/Summ       #.......     100%        5    #####..
 Venom Bolt               Conj/Pois      #.........   100%        5    #####..
 Yara's Violent Unravell  Hex/Tmut       #.........   100%        5    #####..
 Bolt of Cold             Conj/Ice       #.........   100%        6    ######.
 Bolt of Fire             Conj/Fire      #.........   100%        6    ######.
 Darkness                 Hex            #.........   100%        6    ######.
 Freezing Cloud           Conj/Ice/Air   ##........   100%        6    ######.
 Hydra Form               Tmut           #.........   100%        6    ######.
 Invisibility             Hex            #.......     100%        6    ######.
 Iron Shot                Conj/Erth      #.........   100%        6    ######.
 Ozocubu's Refrigeration  Ice            #.........   100%        6    ######.
 Shadow Creatures         Summ           N/A          100%        6    ######.
 Simulacrum               Ice/Necr       #.........   100%        6    ######.
 Dragon Form              Tmut           #.........   100%        7    #######
 Malign Gateway           Summ/Tloc      ##........   100%        7    #######
 Orb of Destruction       Conj           #.........   100%        7    #######
 Ring of Flames           Chrm/Fire      ###.......   100%        7    #######
 Spellforged Servitor     Conj/Summ      #.........   100%        7    #######
 Summon Hydra             Summ           #.........   100%        7    #######
 Discord                  Hex            #.........   100%        8    #######
 Disjunction              Tloc           ###.......   100%        8    #######
 Dragon's Call            Summ           #.........   100%        9    #######
 Shatter                  Erth           #.........   100%        9    #######
 Tornado                  Air            ###.......   100%        9    #######
 Passage of Golubria      Tloc           Unusable     N/A         4    N/A
 Statue Form              Tmut/Erth      Unusable     N/A         6    N/A

Dungeon Overview and Level Annotations

Branches:
Dungeon (15/15)            Temple (0/1) D:6            Lair (6/6) D:11
  Swamp (4/4) Lair:3        Snake (4/4) Lair:3        Slime (5/5) Lair:5
    Orc (2/2) D:9             Elf (3/3) Orc:2        Vaults (5/5) D:13
  Crypt (3/3) Vaults:2       Tomb (3/3) Crypt:3      Depths (5/5) D:15
   Hell (visited)             Dis (7/7) Hell            Geh (7/7) Hell
    Coc (7/7) Hell            Tar (7/7) Hell            Zot (5/5) Depths:5
  Sewer (visited)           IceCv (visited)

Altars:
Cheibriados
Dithmenos
Elyvilon
Fedhas
Gozag
Hepliaklqana
Kikubaaqudgha
Nemelex Xobeh
Okawaru
Qazlal
Sif Muna
Trog
Uskayaw
Vehumet
Xom
Yredelemnul
Zin
The Shining One
Beogh

Shops:
D:7 %   Orc:1 !   Orc:2 *[=[(   Elf:1 ?   Elf:3 ?   Snake:1 }=}   Vaults:3 [
Vaults:4 !   Vaults:5 ![(?!(=%((   Zot:1 **

Portals:
Hell: Depths:1 Depths:2 Depths:3 Depths:4 Depths:5
Abyss: Depths:4
Pandemonium: Depths:3 Depths:4
Ziggurat: Depths:1

Annotations:
Lair:4 2 transporters, exclusion: oklob plant, Tunlugh's ghost, adept GrEE
Lair:6 exclusion: oklob plant
Slime:5 1 exclusion
Coc:7 exclusion: ice statue
Zot:1 3 runed translucent doors, exclusion: obsidian statue, Beuseq's ghost, master GnFi


Innate Abilities, Weirdness & Mutations

You are resistant to torment.
Your stone body is resilient. (AC +20)
You are immune to poison.
Your large and strong wings let you fly indefinitely.
You resist negative energy. (rN+)
You are resistant to electric shocks. (rElec)
You can survive without breathing.
You are immune to petrification.
You are immune to rotting.
You have large cloven feet.
You have a pair of small horns on your head.
You are partially covered in iridescent scales. (AC +2)
You are partially covered in thin metallic scales. (AC +2)
You are partially covered in yellow scales. (AC +2)
You often lose your temper in combat.
You can translocate small distances at will.
You are clumsy. (Dex -2)
Armour fits poorly on your strangely shaped body.
Your body sometimes deteriorates upon taking damage.
You are dopey. (Int -2)
You are frail. (-10% HP)
Your magical capacity is low. (-10% MP)
You sometimes yell uncontrollably at your foes.
You are often teleported next to monsters.
You are very weak. (Str -4)
Potions are less effective at restoring your health.
Your spells are easier to cast, but less powerful.
You expend magic power (3 MP) to strengthen your wands.


Message History

Where to? (Enter - D:1, ? - help)
There is an open door here.
There is a stone staircase leading up here.
You fly upwards.
There is a stone staircase leading down here.
There is a stone staircase leading up here.
You fly upwards.
There is a stone staircase leading down here.
There is a stone staircase leading up here.
You fly upwards.
There is a stone staircase leading down here.
Things that are here:
a +0 ring mail; a +0 flail
There is a stone staircase leading up here.
You fly upwards.
There is a stone staircase leading down here.
There is an open door here.
There is a staircase leading out of the dungeon here.
You can't go down here!
You have escaped!

#.#### ##...........## #..#
#....######.#########..# #..#
............###...####.# #..#
#....######..♣##.##♣.#.#####..###
#....# #.≈≈≈#'#♣≈≈#...........
#....# #.≈≈≈≈≈≈≈≈≈#.##........
####.# ##≈≈♣#'#♣≈≈#.####.##### #
#.# #####.♣##.##≈.#...........
####.###....###.@.#####.###.#####
...#...'....# ##### #.# #.#
##.#####....# #.# #.# ##
##.#.(..###.# #.# #.# #.
##.#......#.# #.###.# #.
##.#.##.#.#.# #..##.# #.
##.#.##.#.#.# ##.##.####.
##.#.##.#'#.# #.##....'.
##.#........# ##..#.####.


There were no monsters in sight!

Vanquished Creatures
  Asmodeus (Geh:7)
  Antaeus (Coc:7)
  7 pandemonium lords
  the Royal Jelly (Slime:5)
  Gloorx Vloq (Pan)
  Ereshkigal (Tar:7)
  the Serpent of Hell (Tar:7)
  Lom Lobon (Pan)
  Mnoleg (Pan)
  11 orbs of fire
  Dispater (Dis:7)
  7 ancient liches
  Mennas (Pan)
  25 greater mummies
  Mara (Snake:3)
  2 shard shrikes
  75 large abominations
  Bai Suzhen (Depths:1)
  Saint Roka (Orc:2)
  6 Killer Klowns
  Frederick (Depths:4)
  2 curse toes
  10 caustic shrikes
  Nikola (Swamp:1)
  19 golden dragons
  Geryon (Hell)
  14 bone dragons
  A hellephant (Pan)
  25 Tzitzimimeh
  4 iron giants
  21 Brimstone Fiends
  8 doom hounds
  12 Hell Sentinels
  5 electric golems
  12 Ice Fiends
  25 Orb Guardians (Zot:5)
  27 tentacled monstrosities
  11 liches
  6 deep elf blademasters
  13 titans
  25 acid blobs
  7 quicksilver dragons
  6 deep elf master archers
  13 sphinxes
  31 Executioners
  3 eldritch tentacles
  14 ancient champions
  Murray (Hell)
  14 death cobs
  A thorn hunter (Swamp:4)
  Donald (Orc:2)
  7 tengu reavers
  23 shadow dragons
  9 nagarajas
  24 storm dragons
  14 azure jellies
  2 revenants
  26 fire giants
  9 draconian monks
  7 deep elf sorcerers
  An orc warlord (Orc:2)
  4 corrupters (Pan)
  28 frost giants
  35 cacodemons
  9 iron dragons
  13 vault wardens
  33 balrugs
  Louise (Swamp:3)
  12 draconian stormcallers
  7 draconian knights
  7 draconian annihilators
  12 draconian scorchers
  Aizul (Crypt:1)
  8 warmongers (Pan)
  3 curse skulls
  12 ghost moths
  A ghoul (Crypt:3)
  11 deep elf elementalists
  7 draconian shifters
  13 ironheart preservers
  6 entropy weavers
  2 elemental wellsprings
  40 very ugly things
  2 spriggan defenders (Depths:3)
  60 reapers
  16 green draconians
  8 bennus (Tomb:3)
  7 deep elf demonologists
  4 war gargoyles (Crypt:3)
  13 black draconians
  36 stone giants
  12 vampire knights
  10 blood saints (Pan)
  Nessos (Lair:6)
  10 black suns (Pan)
  23 red draconians
  13 purple draconians
  16 yellow draconians
  9 lorocyprocas (Pan)
  13 deep elf annihilators
  16 white draconians
  Azrael (Snake:2)
  2 eidola (Crypt:1)
  9 deep elf death magi
  Snorg (Orc:2)
  A spectral kraken (Tar:7)
  17 ettins
  7 death oozes
  16 mummy priests
  34 blizzard demons
  3 crystal guardians (Crypt:3)
  12 great orbs of eyes
  27 green deaths (Pan)
  11 jiangshi
  19 fire dragons
  6 quicksilver dragon zombies
  16 ogre magi
  8 small abominations
  7 deep elf high priests
  15 yaktaur captains
  8 quicksilver dragon skeletons
  6 rakshasas
  33 vault guards
  2 juggernaut simulacra (Pan)
  14 naga warriors
  5 monstrous demonspawn (Pan)
  16 anacondas
  A catoblepas (Lair:6)
  2 shambling mangroves
  15 hydras
  21 ice dragons
  8 ghost crabs
  9 spriggan air magi
  A catoblepas (shapeshifter) (Abyss:4)
  4 death knights
  8 death yaks (Lair:6)
  3 hell beasts (Hell)
  9 centaur warriors
  38 two-headed ogres
  7 deep troll shamans
  13 alligators
  81 death scarabs
  A two-headed ogre (shapeshifter) (Vaults:5)
  5 tengu warriors
  31 dancing weapons
  23 hell hogs
  15 thrashing horrors
  7 shock serpents
  7 deep troll earth magi
  8 spriggan berserkers
  Urug (Lair:6)
  6 vampire magi
  An iron golem (Geh:2)
  3 titan zombies
  80 sun demons
  9 naga sharpshooters
  3 orc high priests
  3 wretched stars
  30 deep elf knights
  5 fire crabs (Lair:3)
  8 storm dragon zombies
  16 iron trolls
  6 titan skeletons
  47 soul eaters
  3 spatial maelstroms
  46 sixfirhies
  41 hell knights
  A death drake (Tar:3)
  126 skeletal warriors
  8 shadow wraiths
  5 storm dragon skeletons
  An unseen horror (shapeshifter) (Depths:1)
  6 salamander mystics
  12 wizards
  8 naga ritualists
  28 deep trolls
  7 spriggan druids
  12 gelid demonspawn
  4 glowing orange brains
  12 swamp dragons
  10 torturous demonspawn (Pan)
  4 unseen horrors
  3 shadow dragon zombies
  32 shadow demons
  13 anaconda zombies
  7 golden dragon zombies
  8 infernal demonspawn
  13 flayed ghosts
  A glowing orange brain (shapeshifter) (D:15)
  A tengu zombie (Vaults:2)
  A ghost moth zombie (Crypt:1)
  4 kraken simulacra
  17 orc knights
  An iron giant skeleton (Crypt:2)
  9 phantasmal warriors
  Pikel (D:7)
  24 deep elf archers
  14 ironbrand convokers
  4 lindwurms
  21 necromancers
  A lindwurm (shapeshifter) (Vaults:5)
  17 starcursed masses
  5 anaconda skeletons
  5 golden dragon skeletons
  A mana viper (shapeshifter) (Vaults:5)
  2 iron dragon zombies
  A harpy (Vaults:2)
  4 wolf spider zombies
  4 wolf spiders
  7 frost giant zombies
  78 deep elf magi
  14 mana vipers
  2 oklob plants (Lair:5)
  5 orc sorcerers
  3 shadow dragon skeletons
  6 cyclopes
  64 ugly things
  15 salamanders
  2 fire giant zombies
  9 stone giant zombies
  A cyclops (shapeshifter) (Vaults:3)
  4 human skeletons
  2 orb spiders (shapeshifter)
  5 shining eyes
  28 moths of wrath
  A manticore (shapeshifter) (Vaults:5)
  An elephant (shapeshifter) (Vaults:5)
  22 elephants
  13 vault sentinels
  9 molten gargoyles
  Maurice (D:9)
  3 apocalypse crabs
  A shock serpent zombie (Dis:2)
  A stone giant skeleton (Crypt:3)
  32 naga magi
  8 frost giant skeletons
  A water nymph (shapeshifter) (Vaults:5)
  7 fire giant skeletons
  25 rust devils
  3 centaur zombies
  30 orange demons
  14 spiny frogs
  6 dire elephant zombies
  An eye of devastation (shapeshifter) (Elf:2)
  6 storm dragon simulacra (Coc:7)
  32 smoke demons
  2 torpor snails
  9 guardian serpents
  9 ice statues
  43 black mambas
  6 titan simulacra (Coc:7)
  A green draconian zombie (Geh:3)
  10 spectral swamp worms (Tar:7)
  2 eyes of devastation
  7 centaur skeletons
  2 emperor scorpion zombies
  5 kobold demonologists (D:15)
  A spiny frog (shapeshifter) (Vaults:4)
  12 dire elephant skeletons
  30 hellions
  8 komodo dragons
  38 tormentors
  27 freezing wraiths
  A catoblepas zombie (Crypt:1)
  A yaktaur (shapeshifter) (Vaults:1)
  8 anaconda simulacra
  23 hellwings
  A purple draconian skeleton (Tomb:2)
  A redback zombie (D:15)
  A white draconian skeleton (Crypt:2)
  45 yaktaurs
  52 guardian mummies
  2 ancient zymes
  22 demonic crawlers
  9 efreet
  7 tengu conjurers
  59 ice devils
  A catoblepas skeleton (Geh:7)
  15 hydra zombies
  3 silent spectres
  9 trolls
  A harpy zombie (Dis:7)
  44 red devils
  A queen bee (Depths:3)
  A meliai (shapeshifter) (Elf:3)
  12 hydra skeletons
  A troll (shapeshifter) (Depths:4)
  A jumping spider (shapeshifter) (Depths:2)
  4 ettin zombies
  A harpy skeleton (Geh:6)
  2 polar bears
  5 raiju
  14 tyrant leeches
  22 blink frogs
  15 hornets
  5 alligator zombies
  A blink frog (shapeshifter) (Vaults:4)
  8 hippogriffs
  A meliai zombie (D:15)
  17 bog bodies
  An iron dragon simulacrum (Abyss:1)
  140 slime creatures
  4 dream sheep (Lair:4)
  5 ice dragon zombies
  A fire giant simulacrum (Crypt:1)
  A stone giant simulacrum (Vaults:2)
  3 air elementals
  172 flying skulls
  4 ice dragon skeletons
  20 spriggans
  Sigmund (D:4)
  30 shadows
  9 fire dragon zombies
  4 fire dragon skeletons
  A tarantella (Vaults:4)
  2 redbacks (Vaults:3)
  25 water elementals
  3 alligator skeletons
  36 ynoxinuls
  3 black mamba zombies
  A wyvern (Lair:4)
  10 ushabtiu
  46 yaks
  34 wraiths
  2 golden eyes (shapeshifter)
  2 black mamba skeletons
  5 basilisks
  30 fire elementals
  5 hungry ghosts
  17 chaos spawn
  16 golden eyes
  21 vampire mosquitoes
  31 neqoxecs
  Menkaure (D:4)
  A harpy simulacrum (Tomb:2)
  16 insubstantial wisps
  A water nymph zombie (Crypt:1)
  A soldier ant (shapeshifter) (Vaults:1)
  12 swamp worms
  5 wargs
  3 acid dragons
  41 nagas
  A spatial vortex (Tar:1)
  Duvessa (D:6)
  A monstrous demonspawn zombie (Crypt:1)
  2 merfolk zombies
  22 water moccasins
  4 hydra simulacra (Coc:7)
  81 hell hounds
  11 porcupines
  A faun skeleton (Crypt:2)
  A floating eye (Depths:4)
  A merfolk skeleton (Crypt:2)
  2 spiny frog skeletons
  10 spiny frog zombies
  3 black bears
  3 ettin simulacra
  11 ice beasts
  13 phantoms
  3 sky beasts
  A slave (D:7)
  2 black bears (shapeshifter)
  5 snapping turtle zombies
  11 swamp drakes
  An alligator simulacrum (Tar:3)
  A hornet zombie (D:14)
  23 necrophages
  62 orc warriors
  An orc zombie (Vaults:1)
  A manticore zombie (Coc:2)
  37 ogres
  17 boggarts
  2 swamp dragon zombies
  16 wolves
  9 centaurs
  3 eyes of draining
  2 swamp dragon skeletons
  4 manticore skeletons
  An orc skeleton (Vaults:1)
  5 snapping turtle skeletons
  A big kobold (shapeshifter) (Vaults:5)
  9 big kobolds
  12 crocodiles
  2 elf zombies
  8 human zombies
  18 bullfrogs
  A salamander skeleton (Crypt:2)
  An elf skeleton (Coc:7)
  Dowan (D:6)
  5 earth elementals
  A spiny frog simulacrum (Hell)
  2 spriggan zombies
  2 troll zombies
  4 scorpions
  A human simulacrum (Vaults:2)
  19 killer bees (Depths:3)
  54 wights
  A troll skeleton (Dis:4)
  6 electric eels
  14 crimson imps
  A bullfrog zombie (D:11)
  4 quasits
  21 orc priests
  A black bear zombie (Crypt:1)
  14 jellies
  36 orc wizards
  Crazy Yiuf (D:7)
  6 hounds
  30 iron imps
  Natasha (twice) (D:2)
  Ijyb (D:4)
  2 hell rats (D:15)
  2 iguanas
  13 worker ants
  A killer bee zombie (D:8)
  A sky beast zombie (Crypt:1)
  A naga zombie (Dis:7)
  A naga skeleton (Tar:1)
  44 mummies
  A hound skeleton (D:5)
  2 worker ant zombies
  3 gnolls (D:5)
  15 adders
  2 howler monkey skeletons
  5 river rats
  15 shadow imps
  8 white imps
  14 ufetubi
  17 oozes
  An adder skeleton (D:10)
  An iguana skeleton (Crypt:1)
  4 worms
  A dart slug (D:5)
  4 leopard geckos
  112 orcs
  12 giant cockroaches
  3 goblins
  6 hobgoblins
  9 jackals
  3 quokkas
  12 ball pythons
  3 bats
  4 frilled lizards
  A goblin zombie (Crypt:1)
  A jackal zombie (Crypt:2)
  39 kobolds
  2 kobold skeletons
  38 rats
  4 crawling corpses (Vaults:5)
  4 fire vortices
  3 fungi (Lair:5)
  A plant (Swamp:2)
  5 tentacles
5445 creatures vanquished.

Vanquished Creatures (collateral kills)
  A balrug (Pan)
  A shining eye (Pan)
2 creatures vanquished.

Vanquished Creatures (others)
  Cerebov (Pan)
  A quicksilver dragon (Zot:4)
  A frost giant (Coc:7)
  3 stone giants
  An elemental wellspring (Coc:7)
  A white draconian (Zot:4)
  A blizzard demon (IceCv)
  A green death (Pan)
  2 yaktaur captains (Vaults:1)
  An ice dragon (Coc:7)
  A great orb of eyes (Depths:1)
  A rakshasa (Pan)
  A shambling mangrove (Swamp:2)
  A centaur warrior (D:15)
  A two-headed ogre (Vaults:1)
  A deep troll shaman (Depths:1)
  An alligator (Swamp:3)
  A thrashing horror (Abyss:5)
  A soul eater (Pan)
  A deep elf knight (Vaults:1)
  A sixfirhy (Pan)
  A spriggan druid (Swamp:2)
  A glowing orange brain (Pan)
  A lindwurm (Snake:4)
  3 cyclopes
  An iron dragon zombie (Geh:7)
  A shining eye (Pan)
  A wizard (D:6)
  A smoke demon (Pan)
  2 hellions
  6 yaktaurs
  A tormentor (Geh:1)
  A hornet (Swamp:2)
  3 flying skulls
  2 wraiths
  A water elemental (Coc:7)
  A shadow (Dis:3)
  2 vampire mosquitoes (Swamp:1)
  A slave (D:7)
  An orc warrior (Orc:2)
  2 centaurs (D:14)
  A swamp dragon skeleton (Tomb:3)
  A deep troll simulacrum (Vaults:1)
  2 wights (Geh:1)
  A tengu skeleton (Tomb:2)
  A mummy (Dis:7)
  2 white imps (IceCv)
  4 ufetubi (IceCv)
  10 ball lightnings
  An orc (Vaults:5)
  A block of ice (Pan)
  10 fungi
  5 plants
  26 tentacles
122 creatures vanquished.

Grand Total: 5569 creatures vanquished

Notes
Turn   | Place    | Note
-------+----------+-------------------------------------------
     0 | D:1      | TheGoonsmith the Gargoyle Fighter began the quest for the
                  | Orb.
     0 | D:1      | Reached XP level 1. HP: 14/14 MP: 1/1
   107 | D:1      | Reached XP level 2. HP: 17/19 MP: 2/2
  1221 | D:2      | Reached XP level 3. HP: 17/24 MP: 3/3
  1311 | D:2      | Found a hide-covered altar of Uskayaw.
  1312 | D:2      | Found a shadowy altar of Dithmenos.
  1312 | D:2      | Found an iron altar of Okawaru.
  1312 | D:2      | Found a snail-covered altar of Cheibriados.
  1316 | D:2      | Found a shimmering blue altar of Sif Muna.
  1317 | D:2      | Found a white marble altar of Elyvilon.
  1323 | D:2      | Found a hazy altar of Hepliaklqana.
  1332 | D:2      | Became a worshipper of Warmaster Okawaru
  1481 | D:3      | Found a glowing drain.
  1481 | D:3      | Noticed Natasha
  1676 | D:2      | Reached XP level 4. HP: 18/29 MP: 4/4
  1827 | D:2      | Killed Natasha
  2056 | Sewer    | Entered a sewer
  2139 | Sewer    | Reached XP level 5. HP: 32/33 MP: 5/5
  2347 | Sewer    | Noticed a big kobold
  2357 | Sewer    | Killed a big kobold
  2417 | Sewer    | Reached XP level 6. HP: 33/38 MP: 6/6
  2505 | Sewer    | Got a shimmering ring mail
  2735 | D:3      | Identified the +4 ring mail of Xynulim {*Slow rElec rN+}
                  | (You found it in a sewer)
  3210 | D:3      | Reached * piety under Okawaru
  3210 | D:3      | Reached skill level 5 in Maces & Flails
  3471 | D:4      | Found a stormy altar of Qazlal.
  3501 | D:4      | Reached XP level 7. HP: 33/43 MP: 7/7
  3516 | D:4      | Noticed Menkaure
  3524 | D:4      | Killed Menkaure
  3767 | D:4      | Noticed Ijyb
  3789 | D:4      | Killed Ijyb
  3885 | D:4      | Noticed Sigmund
  3904 | D:4      | Killed Sigmund
  3904 | D:4      | Reached ** piety under Okawaru
  4080 | D:4      | Reached XP level 8. HP: 29/48 MP: 5/8
  4095 | D:4      | Got a shimmering bone ring
  4187 | D:4      | Identified the ring of the Cast Vote {+Blink rF++ rN+
                  | Int+7} (You found it on level 4 of the Dungeon)
  4541 | D:5      | Entered Level 5 of the Dungeon
  5592 | D:6      | Found an ancient bone altar of Kikubaaqudgha.
  5666 | D:6      | Found a staircase to the Ecumenical Temple.
  5700 | D:6      | Noticed Dowan
  5703 | D:6      | Noticed Duvessa
  5720 | D:6      | Killed Duvessa
  5720 | D:6      | Reached skill level 10 in Maces & Flails
  5727 | D:6      | Killed Dowan
  5759 | D:6      | Reached XP level 9. HP: 32/52 MP: 9/9
  6160 | D:6      | Found a bloodstained altar of Trog.
  6163 | D:6      | Noticed a wizard
  6169 | D:6      | Killed a wizard
  6272 | D:6      | Found an opulent altar of Gozag.
  6273 | D:6      | Found a glowing silver altar of Zin.
  6283 | D:6      | Reached *** piety under Okawaru
  6443 | D:7      | Found Doats's Food Emporium.
  6443 | D:7      | Noticed Pikel
  6474 | D:7      | Killed Pikel
  6756 | D:7      | Reached **** piety under Okawaru
  6814 | D:7      | Found a runed translucent door.
  6815 | D:7      | Noticed Crazy Yiuf
  6873 | D:7      | Killed Crazy Yiuf
  7038 | D:8      | Found a sparkling altar of Nemelex Xobeh.
  7172 | D:8      | Found a glowing golden altar of the Shining One.
  7204 | D:8      | Reached XP level 10. HP: 55/56 MP: 10/10
  7460 | D:8      | Found a sand-covered staircase.
  8197 | D:9      | Found a staircase to the Orcish Mines.
  8557 | D:9      | Reached skill level 1 in Invocations
  8652 | D:9      | Reached ***** piety under Okawaru
  8832 | D:9      | Noticed Maurice
  8841 | D:9      | Paralysed by Maurice for 3 turns
  8851 | D:9      | Paralysed by Maurice for 6 turns
  8862 | D:9      | Killed Maurice
  8862 | D:9      | Reached skill level 5 in Fighting
  8862 | D:9      | Reached skill level 5 in Armour
  9029 | D:9      | Found a blossoming altar of Fedhas.
  9373 | D:10     | Entered Level 10 of the Dungeon
  9502 | D:10     | Reached XP level 11. HP: 28/64 MP: 13/13
  9688 | D:10     | Received a gift from Okawaru
 10243 | D:11     | Found a staircase to the Lair.
 10509 | D:11     | Noticed a purple ugly thing
 10519 | D:11     | Killed a purple ugly thing
 10519 | D:11     | Reached skill level 5 in Invocations
 10955 | Lair:1   | Entered Level 1 of the Lair of Beasts
 10975 | Lair:1   | HP: 1/67 [komodo dragon (14)]
 11792 | Lair:1   | Received a gift from Okawaru
 12074 | Lair:1   | Noticed a five-headed hydra
 12083 | Lair:1   | Killed a five-headed hydra
 12510 | Lair:2   | Reached skill level 5 in Shields
 12738 | Lair:2   | Reached XP level 12. HP: 69/73 MP: 16/16
 12778 | Lair:2   | Learned a level 2 spell: Blink
 12846 | Lair:2   | Reached skill level 1 in Evocations
 12862 | Lair:2   | Reached ****** piety under Okawaru
 12862 | Lair:2   | Received a gift from Okawaru
 12865 | Lair:2   | Got a fine demon whip {god gift}
 12866 | Lair:2   | Identified the +9 demon whip "Rotaf" {drain, rF+ Int+4
                  | Stlth+} (Okawaru gifted it to you on level 2 of the Lair of
                  | Beasts)
 13211 | Lair:3   | Got an ichor-stained scale mail
 13212 | Lair:3   | Identified the +2 scale mail "Raonk" {MR+ Stlth+} (You
                  | found it on level 3 of the Lair of Beasts)
 13243 | Lair:3   | Found a staircase to the Snake Pit.
 13369 | Lair:3   | Received a gift from Okawaru
 13666 | Lair:3   | Found a runed translucent door.
 13864 | Lair:3   | Reached skill level 15 in Maces & Flails
 13866 | Lair:3   | Found a staircase to the Swamp.
 14366 | Lair:3   | Noticed an entropy weaver
 14379 | Lair:3   | Received a gift from Okawaru
 14393 | Lair:3   | Killed an entropy weaver
 14393 | Lair:3   | Received a gift from Okawaru
 14393 | Lair:3   | Reached XP level 13. HP: 47/78 MP: 15/18
 14544 | Lair:3   | Noticed an entropy weaver
 14557 | Lair:3   | Killed an entropy weaver
 15187 | Lair:3   | Reached skill level 10 in Shields
 15312 | Lair:4   | Reached skill level 5 in Evocations
 15481 | Lair:4   | Found the +2 hat of the Bear Spirit {Spirit, +Rage rN+
                  | MR++}
 15636 | Lair:4   | Found a transporter.
 15647 | Lair:4   | Found a transporter.
 15647 | Lair:4   | Noticed Tunlugh's ghost (adept GrEE)
 16148 | Lair:5   | Received a gift from Okawaru
 16364 | Lair:5   | Gained mutation: Your large and strong wings let you fly
                  | indefinitely. [Gargoyle growth]
 16364 | Lair:5   | Reached XP level 14. HP: 76/84 MP: 17/19
 17006 | Lair:5   | Found a staircase to the Slime Pits.
 17071 | Lair:6   | Entered Level 6 of the Lair of Beasts
 17089 | Lair:6   | Noticed Urug
 17507 | Lair:6   | Killed Urug
 17517 | Lair:6   | Noticed Nessos
 17539 | Lair:6   | Killed Nessos
 17652 | Lair:6   | Found a bloodstained altar of Trog.
 17953 | Lair:6   | Reached skill level 15 in Shields
 17991 | Lair:6   | Received a gift from Okawaru
 17991 | Lair:6   | Reached skill level 1 in Dodging
 18246 | Lair:6   | Found the amulet of the Four Winds {rN+ MR+++ Clar}
 18567 | Orc:1    | Entered Level 1 of the Orcish Mines
 18605 | Orc:1    | Found Xuptuow's Distillery.
 18862 | Orc:2    | Entered Level 2 of the Orcish Mines
 18882 | Orc:2    | Noticed Donald
 18883 | Orc:2    | Found Vivves's Armour Shoppe.
 18905 | Orc:2    | Killed Donald
 19029 | Orc:2    | Found a staircase to the Elven Halls.
 19083 | Orc:2    | Noticed Snorg
 19098 | Orc:2    | Killed Snorg
 19296 | Orc:2    | Noticed Saint Roka
 19370 | Orc:2    | Reached XP level 15. HP: 57/89 MP: 20/20
 19803 | Orc:2    | Killed Saint Roka
 20219 | Orc:2    | Found a roughly hewn altar of Beogh.
 20255 | Orc:2    | Found a roughly hewn altar of Beogh.
 20256 | Orc:2    | Found Pivaw's Assorted Antiques.
 20306 | Orc:2    | Bought a scroll labeled ILLEAFE BOIMN for 31 gold pieces
 20342 | Orc:2    | Found a roughly hewn altar of Beogh.
 20397 | Orc:2    | Found a roughly hewn altar of Beogh.
 20401 | Orc:2    | Found Wokieget's Jewellery Boutique.
 20568 | Orc:2    | Found a roughly hewn altar of Beogh.
 20568 | Orc:2    | Found Korolul's Antique Armour Shop.
 20571 | Orc:2    | Found Unoergh's Antique Weapon Boutique.
 20833 | Orc:1    | Noticed an orc warlord
 21170 | Orc:2    | Killed an orc warlord
 21308 | Orc:2    | Bought a potion of heal wounds for 155 gold pieces
 21308 | Orc:2    | Bought a scroll of teleportation for 93 gold pieces
 21308 | Orc:2    | Bought a potion of agility for 124 gold pieces
 21308 | Orc:2    | Bought a twisted fluorescent amulet for 155 gold pieces
 21308 | Orc:2    | Bought a transparent fustibalus for 620 gold pieces
 21331 | Orc:2    | Identified the +9 fustibalus of Mayhem {speed, MP+9 Dex+3
                  | SInv} (You bought it in a shop on level 2 of the Orcish
                  | Mines)
 21662 | Orc:2    | Bought a steaming cloak for 342 gold pieces
 21662 | Orc:2    | Identified the cursed +0 cloak "Periqini" {-Tele rPois rN+
                  | Str+4} (You bought it in a shop on level 2 of the Orcish
                  | Mines)
 22097 | D:2      | Noticed Natasha
 22104 | D:2      | Killed Natasha
 23009 | D:12     | Received a gift from Okawaru
 23010 | D:12     | Found the +0 Maxwell's etheric cage {RegenMP+ *Contam rElec
                  | MP+4}
 23096 | D:12     | Got an ancient plate armour
 23097 | D:12     | Identified the +9 plate armour of Snakes and Ladders {rPois
                  | Str+7 Dex-3} (You found it on level 12 of the Dungeon)
 23144 | D:12     | Reached skill level 1 in Slings
 24408 | D:13     | Found a gate to the Vaults.
 25218 | D:14     | Got a polished mace
 25219 | D:14     | Identified the +10 mace "Kusuonurr" {drain, +Rage rF- rC+
                  | rN+} (You found it on level 14 of the Dungeon)
 25475 | D:14     | Got a steaming pewter amulet
 25476 | D:14     | Identified the amulet "Beirhiug" {Spirit rPois Int+2 Dex+2}
                  | (You acquired it on level 14 of the Dungeon)
 25729 | D:14     | Reached skill level 5 in Slings
 26258 | D:15     | Entered Level 15 of the Dungeon
 26422 | D:14     | Received a gift from Okawaru
 26422 | D:14     | Reached XP level 16. HP: 38/96 MP: 3/22
 27379 | D:15     | Found a staircase to the Depths.
 28847 | Snake:1  | Entered Level 1 of the Snake Pit
 28849 | Snake:1  | Got a glittering wooden ring
 28850 | Snake:1  | Identified the ring of Xom's Delight {EV+3 Int+2 Dex+6}
                  | (You acquired it on level 1 of the Snake Pit)
 28870 | Snake:1  | Reached skill level 10 in Slings
 29542 | Snake:1  | Received a gift from Okawaru
 29576 | Snake:1  | Found Fosotran's Gadget Emporium.
 29577 | Snake:1  | Found Uduxtuf's Jewellery Shop.
 29578 | Snake:1  | Found Jiocumuc's Gadget Emporium.
 29588 | Snake:1  | Bought a sack of spiders for 320 gold pieces
 30038 | Snake:2  | Noticed Azrael
 30049 | Snake:2  | Killed Azrael
 30237 | Snake:2  | Got a glittering wooden ring
 30264 | Snake:2  | Identified the ring "Leatuif" {rF+ MR++ MP-9 Dex+7} (You
                  | found it on level 2 of the Snake Pit)
 30757 | Snake:2  | Received a gift from Okawaru
 30883 | Snake:3  | Noticed a nagaraja
 30892 | Snake:3  | Killed a nagaraja
 30892 | Snake:3  | Reached XP level 17. HP: 101/101 MP: 23/23
 30895 | Snake:3  | Noticed Mara
 30906 | Snake:3  | Noticed TheGoonsmith's illusion
 30935 | Snake:2  | Received a gift from Okawaru
 31324 | Snake:3  | Received a gift from Okawaru
 31375 | Snake:3  | Noticed TheGoonsmith's illusion
 31376 | Snake:3  | Found a shimmering altar of Xom.
 31414 | Snake:3  | Found a bloodstained altar of Trog.
 31419 | Snake:3  | Killed Mara
 31434 | Snake:3  | Learned a level 2 spell: Swiftness
 31678 | Snake:4  | Entered Level 4 of the Snake Pit
 31714 | Snake:4  | Reached skill level 1 in Translocations
 31774 | Snake:4  | Reached skill level 1 in Spellcasting
 31774 | Snake:4  | Reached skill level 1 in Air Magic
 31779 | Snake:4  | Reached skill level 1 in Charms
 31810 | Snake:4  | Reached skill level 10 in Armour
 31935 | Snake:4  | Reached skill level 10 in Fighting
 31946 | Snake:4  | Received a gift from Okawaru
 32862 | Snake:4  | Reached XP level 18. HP: 108/108 MP: 24/24
 32890 | Snake:4  | Received a gift from Okawaru
 33134 | Snake:4  | Received a gift from Okawaru
 33209 | Snake:4  | Received a gift from Okawaru
 33788 | Snake:4  | Got a pair of smoking gloves {god gift}
 33789 | Snake:4  | Identified the +0 pair of gloves of Vumelidoeta {*Corrode
                  | rF+++ rN+ Slay+2} (Okawaru gifted it to you on level 4 of
                  | the Snake Pit)
 33795 | Snake:4  | Got a serpentine rune of Zot
 34108 | Swamp:1  | Entered Level 1 of the Swamp
 34167 | Swamp:1  | Noticed Nikola
 34190 | Swamp:1  | Killed Nikola
 34285 | Swamp:1  | Found a frozen archway.
 34303 | IceCv    | Entered an ice cave
 36161 | Swamp:2  | Reached XP level 19. HP: 111/120 MP: 25/25
 36180 | Swamp:2  | Received a gift from Okawaru
 37242 | Swamp:3  | Noticed Louise
 37257 | Swamp:3  | Killed Louise
 37391 | Swamp:3  | Received a gift from Okawaru
 37591 | Swamp:4  | Entered Level 4 of the Swamp
 37708 | Swamp:3  | Received a gift from Okawaru
 37724 | Swamp:3  | Identified a +0 pair of boots of running (Okawaru gifted it
                  | to you on level 3 of the Swamp)
 38267 | Swamp:4  | Reached skill level 15 in Armour
 38282 | Swamp:4  | Reached skill level 15 in Fighting
 38468 | Swamp:4  | Got a decaying rune of Zot
 39334 | Vaults:1 | Entered Level 1 of the Vaults
 39748 | Vaults:1 | Reached XP level 20. HP: 97/131 MP: 26/26
 40043 | Vaults:1 | Received a gift from Okawaru
 40280 | Vaults:1 | Received a gift from Okawaru
 40309 | Vaults:1 | Got a smoking crystal plate armour {god gift}
 40310 | Vaults:1 | Identified the +4 crystal plate armour of Derghaka {Dex+3}
                  | (Okawaru gifted it to you on level 1 of the Vaults)
 41289 | Vaults:2 | Found the +10 large shield of Ignorance {rN+ Int-4}
 41953 | Vaults:2 | Found a staircase to the Crypt.
 41953 | Vaults:2 | Found an ancient bone altar of Kikubaaqudgha.
 41953 | Vaults:2 | Found a basalt altar of Yredelemnul.
 42035 | Vaults:2 | Received a gift from Okawaru
 42720 | Vaults:2 | Reached XP level 21. HP: 140/140 MP: 27/27
 43742 | Vaults:3 | Received a gift from Okawaru
 43813 | Vaults:3 | Found Hobeuribb's Antique Armour Shop.
 43957 | Vaults:3 | Received a gift from Okawaru
 44789 | Vaults:4 | Found Raddaf's Distillery.
 44795 | Vaults:4 | Bought 2 potions of curing for 108 gold pieces
 44795 | Vaults:4 | Bought a potion of haste for 180 gold pieces
 44795 | Vaults:4 | Bought a potion of haste for 180 gold pieces
 44795 | Vaults:4 | Bought a potion of haste for 180 gold pieces
 44795 | Vaults:4 | Bought a potion of agility for 72 gold pieces
 44795 | Vaults:4 | Bought a potion of heal wounds for 90 gold pieces
 44795 | Vaults:4 | Bought a potion of curing for 54 gold pieces
 45653 | Vaults:4 | Received a gift from Okawaru
 45742 | Vaults:4 | Reached XP level 22. HP: 130/150 MP: 28/28
 45840 | Vaults:4 | Received a gift from Okawaru
 46302 | Depths:1 | Entered Level 1 of the Depths
 46499 | Depths:1 | Found a gateway to a ziggurat.
 46806 | Depths:1 | Found a gateway to Hell.
 47011 | Depths:1 | Received a gift from Okawaru
 47153 | Depths:1 | Found a runed translucent door.
 47153 | Depths:1 | Noticed a golden dragon
 47239 | Depths:1 | Killed a golden dragon
 47239 | Depths:1 | Received a gift from Okawaru
 47358 | Depths:1 | You fall into a shaft and drop 1 floor!
 47394 | Depths:1 | Noticed Bai Suzhen
 47445 | Depths:1 | Killed Bai Suzhen
 47445 | Depths:1 | Received a gift from Okawaru
 47474 | Depths:1 | Reached skill level 5 in Dodging
 49062 | Depths:2 | Got a flickering emerald amulet
 49063 | Depths:2 | Identified the amulet of Okarugao {Faith rC++ MR+ Str-2
                  | Dex+4} (You acquired it on level 2 of the Depths)
 49143 | Depths:2 | Noticed a golden dragon
 49152 | Depths:2 | Killed a golden dragon
 49152 | Depths:2 | Received a gift from Okawaru
 49436 | Depths:2 | Received a gift from Okawaru
 49627 | Depths:2 | Reached XP level 23. HP: 158/158 MP: 29/29
 50090 | Depths:3 | Received a gift from Okawaru
 50780 | Depths:3 | Gained mutation: Your spells are a little easier to cast,
                  | but a little less powerful. [a cacodemon]
 50789 | Depths:3 | Gained mutation: You are dopey. (Int -2) [a cacodemon]
 51456 | Depths:3 | Found a runed translucent door.
 51541 | Depths:3 | Noticed a caustic shrike
 51875 | Depths:3 | Killed a caustic shrike
 51956 | Depths:3 | Identified the +4 halberd of Linearity {speed, rF- MR+
                  | Str+3 Int+2}
 51956 | Depths:3 | Identified the ring "Acvie" {*Contam +Inv Int+7 Dex+3}
 51998 | Depths:3 | Noticed an ancient lich
 52022 | Depths:3 | Killed an ancient lich
 52022 | Depths:3 | Received a gift from Okawaru
 52336 | Depths:3 | Noticed a golden dragon
 52358 | Depths:3 | Killed a golden dragon
 53124 | Depths:3 | Found a one-way gate leading to the halls of Pandemonium.
 53317 | Depths:3 | Got a crude demon whip
 53318 | Depths:3 | Identified the +2 demon whip of the Shallot {freeze, rF++
                  | rC- Int+2 Stlth-} (You found it on level 3 of the Depths)
 53552 | Depths:4 | Reached XP level 24. HP: 132/166 MP: 19/29
 53642 | Depths:4 | Found a one-way gate to the infinite horrors of the Abyss.
 54169 | Depths:4 | Received a gift from Okawaru
 54590 | Depths:4 | Received a gift from Okawaru
 54619 | Depths:4 | Noticed Frederick
 54635 | Depths:4 | Killed Frederick
 54635 | Depths:4 | Received a gift from Okawaru
 54673 | Depths:4 | You fall into a shaft and drop 1 floor!
 54673 | Depths:5 | Entered Level 5 of the Depths
 54785 | Depths:5 | Noticed a caustic shrike
 54786 | Depths:5 | Noticed a caustic shrike
 54786 | Depths:5 | Noticed a caustic shrike
 54790 | Depths:5 | Noticed a caustic shrike
 54792 | Depths:5 | Noticed a caustic shrike
 54806 | Depths:5 | Killed a caustic shrike
 54806 | Depths:5 | Received a gift from Okawaru
 54811 | Depths:5 | Killed a caustic shrike
 54816 | Depths:5 | Killed a caustic shrike
 54822 | Depths:5 | Killed a caustic shrike
 54836 | Depths:5 | Killed a caustic shrike
 54841 | Depths:5 | Received a gift from Okawaru
 54942 | Depths:5 | Received a gift from Okawaru
 54969 | Depths:5 | Received a gift from Okawaru
 54998 | Depths:5 | Found a gate to the Realm of Zot.
 55108 | Depths:5 | Reached skill level 10 in Dodging
 55262 | Depths:5 | Noticed a caustic shrike
 55264 | Depths:5 | Noticed a caustic shrike
 55265 | Depths:5 | Noticed a caustic shrike
 55265 | Depths:5 | Noticed a caustic shrike
 55277 | Depths:5 | Killed a caustic shrike
 55302 | Depths:5 | Killed a caustic shrike
 55311 | Depths:5 | Killed a caustic shrike
 55323 | Depths:5 | Killed a caustic shrike
 55378 | Depths:5 | Reached XP level 25. HP: 172/173 MP: 29/29
 55425 | Depths:5 | Found a flickering gateway to a bazaar.
 55469 | Bazaar   | Entered a bazaar
 55483 | Bazaar   | Found Qian's Magic Scroll Shoppe.
 55483 | Bazaar   | Found Ezatif's Gadget Emporium.
 55487 | Bazaar   | Bought a scroll of identify for 22 gold pieces
 55487 | Bazaar   | Bought a scroll of teleportation for 33 gold pieces
 55487 | Bazaar   | Bought a scroll of enchant weapon for 82 gold pieces
 55487 | Bazaar   | Bought a scroll of identify for 22 gold pieces
 55487 | Bazaar   | Bought a scroll of identify for 22 gold pieces
 55487 | Bazaar   | Bought a scroll of identify for 22 gold pieces
 55487 | Bazaar   | Bought a scroll of magic mapping for 38 gold pieces
 55487 | Bazaar   | Bought a scroll of teleportation for 33 gold pieces
 55493 | Bazaar   | Bought a box of beasts for 260 gold pieces
 55493 | Bazaar   | Bought a sack of spiders for 260 gold pieces
 55504 | Bazaar   | Found Pioted's Weapon Shoppe.
 55504 | Bazaar   | Found Wetil's Antique Armour Emporium.
 55514 | Bazaar   | Bought a faintly humming cloak for 313 gold pieces
 55514 | Bazaar   | Identified the cursed -4 cloak of Boiling Hail {rPois rF+}
                  | (You bought it in a shop in a bazaar)
 55527 | Bazaar   | Found Corimu's Gadget Emporium.
 55566 | Bazaar   | Bought a sack of spiders for 400 gold pieces
 55566 | Bazaar   | Bought a sack of spiders for 400 gold pieces
 56032 | Vaults:5 | Entered Level 5 of the Vaults
 56130 | Vaults:5 | Gained mutation: Armour fits poorly on your strangely
                  | shaped body. [a cacodemon]
 56170 | Vaults:5 | Received a gift from Okawaru
 56728 | Vaults:5 | Paralysed by a floating eye for 3 turns
 57123 | Vaults:5 | Received a gift from Okawaru
 57362 | Vaults:5 | Reached XP level 26. HP: 181/181 MP: 26/29
 57477 | Vaults:5 | Found Cythruj's Antique Weapon Shop.
 57477 | Vaults:5 | Found Ringatz's Magic Scroll Shop.
 57485 | Vaults:5 | Bought a scroll of magic mapping for 52 gold pieces
 57485 | Vaults:5 | Bought a scroll of identify for 30 gold pieces
 57485 | Vaults:5 | Bought a scroll of identify for 30 gold pieces
 57485 | Vaults:5 | Bought a scroll of identify for 30 gold pieces
 57485 | Vaults:5 | Bought a scroll of identify for 30 gold pieces
 57485 | Vaults:5 | Bought a scroll of identify for 30 gold pieces
 57485 | Vaults:5 | Bought a scroll of teleportation for 45 gold pieces
 57485 | Vaults:5 | Bought a scroll of teleportation for 45 gold pieces
 57485 | Vaults:5 | Bought a scroll of magic mapping for 52 gold pieces
 57492 | Vaults:5 | Found Nigg's Antique Armour Emporium.
 57528 | Vaults:5 | Received a gift from Okawaru
 57553 | Vaults:5 | Got a twisted cloak {god gift}
 57554 | Vaults:5 | Identified the +0 cloak "Ketim" {rElec rN+ Str-3} (Okawaru
                  | gifted it to you on level 5 of the Vaults)
 57683 | Vaults:5 | Found Hufedeg's Antique Weapon Shoppe.
 57684 | Vaults:5 | Found Gatih's Jewellery Boutique.
 57746 | Vaults:5 | Found Reor's Weapon Shop.
 57746 | Vaults:5 | Found Oruezut's Antique Weapon Shoppe.
 58060 | Vaults:5 | Found Danetet's Distillery.
 58064 | Vaults:5 | Bought a potion of heal wounds for 100 gold pieces
 58064 | Vaults:5 | Bought a potion of curing for 60 gold pieces
 58064 | Vaults:5 | Bought a potion of invisibility for 160 gold pieces
 58064 | Vaults:5 | Bought a potion of might for 80 gold pieces
 58064 | Vaults:5 | Bought a potion of curing for 60 gold pieces
 58064 | Vaults:5 | Bought a potion of might for 80 gold pieces
 58064 | Vaults:5 | Bought a potion of agility for 80 gold pieces
 58103 | Vaults:5 | Found Ypadut's Food Boutique.
 58179 | Vaults:5 | Found Wiluxtin's Distillery.
 58184 | Vaults:5 | Bought 2 potions of heal wounds for 130 gold pieces
 58184 | Vaults:5 | Bought a potion of haste for 130 gold pieces
 58184 | Vaults:5 | Bought a potion of might for 52 gold pieces
 58184 | Vaults:5 | Bought a potion of curing for 39 gold pieces
 58184 | Vaults:5 | Bought a potion of might for 52 gold pieces
 58184 | Vaults:5 | Bought 2 potions of curing for 78 gold pieces
 58184 | Vaults:5 | Bought a potion of agility for 52 gold pieces
 58184 | Vaults:5 | Bought a potion of curing for 39 gold pieces
 58198 | Vaults:5 | Got a silver rune of Zot
 58586 | Elf:1    | Entered Level 1 of the Elven Halls
 58676 | Elf:1    | Found Zam Oruymm's Magic Scroll Boutique.
 59252 | Elf:1    | Bought 3 scrolls of teleportation for 126 gold pieces
 59252 | Elf:1    | Bought a scroll of teleportation for 42 gold pieces
 59252 | Elf:1    | Bought a scroll of identify for 28 gold pieces
 59252 | Elf:1    | Bought a scroll of teleportation for 42 gold pieces
 59252 | Elf:1    | Bought a scroll of enchant armour for 105 gold pieces
 59872 | Elf:2    | Found a radiant altar of Vehumet.
 59969 | Elf:2    | Found a runed translucent gate.
 59969 | Elf:2    | Found a runed translucent gate.
 59969 | Elf:2    | Found a runed translucent gate.
 60810 | Elf:2    | Received a gift from Okawaru
 61126 | Elf:3    | Entered Level 3 of the Elven Halls
 61126 | Elf:3    | Found Gilurch's Jewellery Boutique.
 61330 | Elf:3    | Found Soahic Rubeng's Magic Scroll Shop.
 61350 | Elf:3    | Bought a scroll of acquirement for 780 gold pieces
 61351 | Elf:3    | Found the +2 pair of boots of the Assassin {Detection Stab+
                  | Stlth++}
 61764 | Elf:3    | Received a gift from Okawaru
 61958 | Elf:3    | Identified the +8 great mace "Tunuil" {crush, rF+}
 61958 | Elf:3    | Identified the +2 robe of Vehumet's Favour {rF+ rN+ SInv}
 62010 | Elf:3    | Identified the cursed +1 troll leather armour "Untavvuo"
                  | {rPois rF- rC+ rN+ Regen+}
 62018 | Elf:3    | Identified the cursed +3 scimitar of Vanwy {holy, Int+2
                  | Dex+4}
 62076 | Elf:3    | Identified the +8 great sword of Armageddon {slice, *Slow
                  | rF++ rN+ Str+2}
 62277 | Elf:3    | Received a gift from Okawaru
 62277 | Elf:3    | Reached XP level 27. HP: 188/188 MP: 29/29
 62314 | Elf:3    | Identified the Volume of Dislocation
 62334 | Elf:3    | Identified the Reference Book on Contamination and
                  | Weightlessness
 62398 | Elf:3    | Found the +9 heavy crossbow "Sniper" {velocity, Acc+∞ SInv}
 62875 | Slime:1  | Entered Level 1 of the Pits of Slime
 62917 | Slime:1  | Gained mutation: You occasionally shout uncontrollably at
                  | your foes. [a shining eye]
 62925 | Slime:1  | Gained mutation: You are frail. (-10% HP) [a shining eye]
 63324 | Slime:5  | Entered Level 5 of the Pits of Slime
 63347 | Slime:4  | Received a gift from Okawaru
 63420 | Slime:5  | Gained mutation: You are clumsy. (Dex -2) [a shining eye]
 63421 | Slime:5  | Noticed the Royal Jelly
 63706 | Slime:3  | Gained mutation: You are weak. (Str -2) [a shining eye]
 63993 | Slime:5  | Gained mutation: Your magical capacity is low. (-10% MP) [a
                  | shining eye]
 64531 | Slime:5  | Killed the Royal Jelly
 65488 | Slime:5  | Identified Lehudib's Disquisition on Dusty Conjuration
 65503 | Slime:5  | Identified the Tome of Poison and the Frostbite
 65507 | Slime:5  | Identified Fiagut's Further Steps in Thaumaturgy
 65513 | Slime:5  | Got a translucent demon whip
 65514 | Slime:5  | Identified the +9 demon whip "Quhyerosh" {vamp, rC+ Str+3
                  | Dex+3 SInv} (You found it on level 5 of the Pits of Slime)
 65571 | Slime:5  | Got a slimy rune of Zot
 66105 | Vaults:4 | Bought a potion of mutation for 144 gold pieces
 66166 | Vaults:5 | Bought a potion of lignification for 39 gold pieces
 66166 | Vaults:5 | Bought a potion of mutation for 104 gold pieces
 66166 | Vaults:5 | Bought a potion of lignification for 39 gold pieces
 66166 | Vaults:5 | Bought a potion of lignification for 39 gold pieces
 66166 | Vaults:5 | Bought a potion of mutation for 104 gold pieces
 66180 | Vaults:5 | Bought a potion of mutation for 160 gold pieces
 66180 | Vaults:5 | Bought a potion of mutation for 160 gold pieces
 66180 | Vaults:5 | Bought a potion of lignification for 60 gold pieces
 66180 | Vaults:5 | Bought a potion of mutation for 160 gold pieces
 67030 | D:11     | Lost mutation: Your magical capacity is low. (-10% MP)
                  | [potion of mutation]
 67030 | D:11     | Lost mutation: Your spells are a little easier to cast, but
                  | a little less powerful. [potion of mutation]
 67030 | D:11     | Lost mutation: Armour fits poorly on your strangely shaped
                  | body. [potion of mutation]
 67030 | D:11     | Gained mutation: You are resistant to hostile enchantments.
                  | (MR+) [potion of mutation]
 67030 | D:11     | Gained mutation: Your movements are slightly less
                  | encumbered by armour. (ER -2) [potion of mutation]
 67030 | D:11     | Gained mutation: You have large cloven feet. [potion of
                  | mutation]
 67030 | D:11     | Gained mutation: You are partially covered in thin metallic
                  | scales. (AC +2) [potion of mutation]
 67226 | Depths:4 | Voluntarily entered the Abyss.
 67226 | Abyss:1  | Found a corrupted altar of Lugonu.
 67261 | Abyss:1  | Gained mutation: You have a pair of small horns on your
                  | head. [a cacodemon]
 67309 | Abyss:1  | Identified the Collected Works on Shape Shifting
 67312 | Abyss:1  | Identified the Handbook of Poisoning
 67317 | Abyss:1  | Identified the Grimoire of Protection
 67320 | Abyss:1  | Identified the Handbook of Attacks
 67330 | Abyss:1  | Identified Sif Muna's Collected Works on Attacks
 67332 | Abyss:1  | Identified the Compendium of the Compass
 67685 | Abyss:1  | Gained mutation: Armour fits poorly on your strangely
                  | shaped body. [a neqoxec]
 67741 | Abyss:3  | Found a corrupted altar of Lugonu.
 67815 | Abyss:4  | Found a corrupted altar of Lugonu.
 67954 | Abyss:4  | Received a gift from Okawaru
 68026 | Abyss:4  | Received a gift from Okawaru
 68145 | Abyss:4  | Received a gift from Okawaru
 68150 | Abyss:4  | Gained mutation: You sometimes yell uncontrollably at your
                  | foes. [a cacodemon]
 68177 | Abyss:5  | Entered Level 5 of the Abyss
 68177 | Abyss:5  | Found a corrupted altar of Lugonu.
 68291 | Abyss:5  | Found a blossoming altar of Fedhas.
 68341 | Abyss:5  | Found a corrupted altar of Lugonu.
 68359 | Abyss:5  | Received a gift from Okawaru
 68392 | Abyss:5  | Got an abyssal rune of Zot
 68431 | Depths:4 | Escaped the Abyss
 68806 | Depths:4 | Received a gift from Okawaru
 68879 | Depths:4 | Got a transparent bone ring
 68894 | Depths:4 | Identified the ring "Vuyl" {Wiz rElec Str+3} (You found it
                  | on level 4 of the Depths)
 69054 | Zot:1    | Entered Level 1 of the Realm of Zot
 69188 | Zot:1    | Found a runed translucent gate.
 69221 | Zot:1    | Noticed an orb of fire
 69239 | Zot:1    | Gained mutation: Your spells are a little easier to cast,
                  | but a little less powerful. [an orb of fire]
 69255 | Zot:1    | Killed an orb of fire
 69516 | Zot:1    | Found a runed translucent gate.
 69516 | Zot:1    | Found an opulent altar of Gozag.
 69517 | Zot:1    | Found a runed translucent gate.
 69521 | Zot:1    | Found Widghox's Assorted Antiques.
 69521 | Zot:1    | Noticed Beuseq's ghost (master GnFi)
 69632 | Zot:1    | Received a gift from Okawaru
 69834 | Zot:1    | Received a gift from Okawaru
 69999 | Zot:1    | Found Foepil's Assorted Antiques.
 70368 | Zot:2    | Noticed an orb of fire
 70489 | Zot:2    | Lost mutation: You are frail. (-10% HP) [an orb of fire]
 70501 | Zot:2    | Killed an orb of fire
 70692 | Zot:2    | Received a gift from Okawaru
 71029 | Zot:2    | Received a gift from Okawaru
 71950 | Zot:3    | Received a gift from Okawaru
 73695 | Zot:4    | Received a gift from Okawaru
 73963 | Zot:4    | Received a gift from Okawaru
 74044 | Zot:4    | Received a gift from Okawaru
 74227 | Zot:4    | Noticed an orb of fire
 74237 | Zot:4    | Gained mutation: You tend to lose your temper in combat.
                  | [an orb of fire]
 74239 | Zot:4    | Gained mutation: Scrolls take you a little longer to read.
                  | [an orb of fire]
 74254 | Zot:4    | Gained mutation: You are very weak. (Str -4) [an orb of
                  | fire]
 74260 | Zot:4    | Killed an orb of fire
 74260 | Zot:4    | Received a gift from Okawaru
 74314 | Zot:4    | Reached skill level 15 in Dodging
 74365 | Zot:4    | Cast into level 4 of the Abyss (Killer Klown)
 74365 | Abyss:4  | Found a corrupted altar of Lugonu.
 74459 | Zot:4    | Escaped the Abyss
 75391 | Zot:4    | Paralysed by a Killer Klown for 7 turns
 75422 | Zot:4    | Paralysed by a Killer Klown for 5 turns
 75427 | Zot:4    | Lost intelligence.
 75818 | Zot:4    | Received a gift from Okawaru
 75935 | Zot:4    | Received a gift from Okawaru
 76317 | Zot:5    | Entered Level 5 of the Realm of Zot
 76632 | Zot:5    | Lost mutation: Armour fits poorly on your strangely shaped
                  | body. [potion of mutation]
 76632 | Zot:5    | Lost mutation: You are clumsy. (Dex -2) [potion of
                  | mutation]
 76632 | Zot:5    | Lost mutation: You tend to lose your temper in combat.
                  | [potion of mutation]
 76632 | Zot:5    | Lost mutation: You are dopey. (Int -2) [potion of mutation]
 76632 | Zot:5    | Gained mutation: You evolve. [potion of mutation]
 76996 | Zot:5    | Noticed an ancient lich
 77036 | Zot:5    | Killed an ancient lich
 77051 | Zot:5    | Noticed an orb of fire
 77083 | Zot:5    | Gained mutation: You are frail. (-10% HP) [an orb of fire]
 77084 | Zot:5    | Killed an orb of fire
 77084 | Zot:5    | Received a gift from Okawaru
 77216 | Zot:5    | Noticed an orb of fire
 77218 | Zot:5    | Gained mutation: You tend to lose your temper in combat.
                  | [an orb of fire]
 77218 | Zot:5    | Lost mutation: You tend to lose your temper in combat. [an
                  | orb of fire]
 77228 | Zot:5    | Noticed an orb of fire
 77232 | Zot:5    | Received a gift from Okawaru
 77241 | Zot:5    | Gained mutation: Your body sometimes deteriorates upon
                  | taking damage. [an orb of fire]
 77256 | Zot:5    | Gained mutation: You are clumsy. (Dex -2) [an orb of fire]
 77264 | Zot:5    | Killed an orb of fire
 77287 | Zot:5    | Killed an orb of fire
 77350 | Zot:5    | Noticed an orb of fire
 77387 | Zot:5    | Gained mutation: You are very clumsy. (Dex -4) [an orb of
                  | fire]
 77388 | Zot:5    | Killed an orb of fire
 77388 | Zot:5    | Received a gift from Okawaru
 77457 | Zot:5    | Noticed an orb of fire
 77467 | Zot:5    | Gained mutation: You do not regenerate when monsters are
                  | visible. [an orb of fire]
 77490 | Zot:5    | Killed an orb of fire
 77490 | Zot:5    | Received a gift from Okawaru
 77637 | Zot:5    | Received a gift from Okawaru
 77695 | Zot:5    | Noticed an ancient lich
 77704 | Zot:5    | Noticed an orb of fire
 77718 | Zot:5    | Killed an ancient lich
 77723 | Zot:5    | Noticed an orb of fire
 77737 | Zot:5    | Noticed an orb of fire
 77757 | Zot:5    | Gained mutation: Armour fits poorly on your strangely
                  | shaped body. [an orb of fire]
 77760 | Zot:5    | Killed an orb of fire
 77761 | Zot:5    | Gained mutation: Scrolls take you longer to read. [an orb
                  | of fire]
 77785 | Zot:5    | Gained mutation: Scrolls take you much longer to read. [an
                  | orb of fire]
 77801 | Zot:5    | Gained mutation: You are very frail. (-20% HP) [an orb of
                  | fire]
 77806 | Zot:5    | Gained mutation: You are occasionally teleported next to
                  | monsters. [an orb of fire]
 77808 | Zot:5    | Noticed an ancient lich
 77852 | Zot:5    | Gained mutation: You tend to lose your temper in combat.
                  | [an orb of fire]
 77855 | Zot:5    | Gained mutation: You frequently scream uncontrollably at
                  | your foes. [an orb of fire]
 78224 | Zot:5    | Gained mutation: You often lose your temper in combat. [an
                  | orb of fire]
 78239 | Zot:5    | Gained mutation: Potions are less effective at restoring
                  | your health. [an orb of fire]
 78262 | Zot:5    | Gained mutation: You are sometimes teleported next to
                  | monsters. [an orb of fire]
 78267 | Zot:5    | Killed an orb of fire
 78267 | Zot:5    | Reached skill level 27 in Fighting
 78430 | Zot:5    | Reached skill level 27 in Armour
 78439 | Zot:5    | Received a gift from Okawaru
 78519 | Zot:5    | Killed an ancient lich
 78605 | Zot:5    | Killed an orb of fire
 78605 | Zot:5    | Received a gift from Okawaru
 79108 | D:13     | Lost mutation: You are very clumsy. (Dex -4) [evolution]
 79196 | D:8      | Lost mutation: You are resistant to hostile enchantments.
                  | (MR+) [potion of mutation]
 79196 | D:8      | Lost mutation: Scrolls take you much longer to read.
                  | [potion of mutation]
 79196 | D:8      | Lost mutation: You are clumsy. (Dex -2) [potion of
                  | mutation]
 79196 | D:8      | Lost mutation: You are very frail. (-20% HP) [potion of
                  | mutation]
 79196 | D:8      | Gained mutation: You are mostly covered in thin metallic
                  | scales. (AC +3) [potion of mutation]
 79197 | D:8      | Lost mutation: Scrolls take you longer to read. [potion of
                  | mutation]
 79197 | D:8      | Lost mutation: You are mostly covered in thin metallic
                  | scales. (AC +3) [potion of mutation]
 79197 | D:8      | Lost mutation: You are very weak. (Str -4) [potion of
                  | mutation]
 79197 | D:8      | Gained mutation: You expend magic power (3 MP) to
                  | strengthen your wands. [potion of mutation]
 79198 | D:8      | Lost mutation: You have large cloven feet. [potion of
                  | mutation]
 79198 | D:8      | Lost mutation: Your body sometimes deteriorates upon taking
                  | damage. [potion of mutation]
 79198 | D:8      | Lost mutation: Scrolls take you a little longer to read.
                  | [potion of mutation]
 79198 | D:8      | Lost mutation: Your movements are slightly less encumbered
                  | by armour. (ER -2) [potion of mutation]
 79198 | D:8      | Lost mutation: You have a pair of small horns on your head.
                  | [potion of mutation]
 79198 | D:8      | Gained mutation: You are partially covered in yellow
                  | scales. (AC +2) [potion of mutation]
 79199 | D:8      | Lost mutation: You are frail. (-10% HP) [potion of
                  | mutation]
 79199 | D:8      | Lost mutation: You do not regenerate when monsters are
                  | visible. [potion of mutation]
 79199 | D:8      | Gained mutation: You are partially covered in slimy green
                  | scales. (AC +2) [potion of mutation]
 79200 | D:8      | Lost mutation: You expend magic power (3 MP) to strengthen
                  | your wands. [potion of mutation]
 79200 | D:8      | Lost mutation: Potions are less effective at restoring your
                  | health. [potion of mutation]
 79200 | D:8      | Lost mutation: You often lose your temper in combat.
                  | [potion of mutation]
 79201 | D:8      | Lost mutation: Your spells are a little easier to cast, but
                  | a little less powerful. [potion of mutation]
 79201 | D:8      | Lost mutation: You are weak. (Str -2) [potion of mutation]
 79201 | D:8      | Lost mutation: You evolve. [potion of mutation]
 79201 | D:8      | Lost mutation: You frequently scream uncontrollably at your
                  | foes. [potion of mutation]
 79201 | D:8      | Gained mutation: You can translocate small distances at
                  | will. [potion of mutation]
 79202 | D:8      | Lost mutation: You are partially covered in slimy green
                  | scales. (AC +2) [potion of mutation]
 79202 | D:8      | Lost mutation: You tend to lose your temper in combat.
                  | [potion of mutation]
 79202 | D:8      | Lost mutation: You sometimes yell uncontrollably at your
                  | foes. [potion of mutation]
 79202 | D:8      | Gained mutation: You sometimes yell uncontrollably at your
                  | foes. [potion of mutation]
 79202 | D:8      | Gained mutation: You have large cloven feet. [potion of
                  | mutation]
 79202 | D:8      | Gained mutation: You evolve. [potion of mutation]
 79203 | D:8      | Fell from the grace of Okawaru
 79203 | D:8      | Became a worshipper of the Shining One
 79377 | Crypt:1  | Entered Level 1 of the Crypt
 79422 | Crypt:1  | Reached * piety under the Shining One
 79466 | Crypt:1  | Reached ** piety under the Shining One
 79635 | Crypt:1  | Reached *** piety under the Shining One
 79719 | Crypt:1  | Reached **** piety under the Shining One
 79738 | Crypt:1  | Noticed Aizul
 79753 | Crypt:1  | Killed Aizul
 80396 | Crypt:1  | Reached ***** piety under the Shining One
 81760 | Crypt:3  | Entered Level 3 of the Crypt
 81782 | Crypt:3  | Reached ****** piety under the Shining One
 81807 | Crypt:2  | Identified a +4 sacred scourge of holy wrath (a +2 demon
                  | whip blessed by the Shining One)
 81807 | Crypt:2  | Received a gift from the Shining One
 82192 | Crypt:3  | Reached skill level 10 in Invocations
 82216 | Crypt:3  | Identified the +7 arbalest "Yghole" {penet, rF+ rC+ Dex+2
                  | Stlth+}
 82298 | Crypt:3  | Found a basalt altar of Yredelemnul.
 82298 | Crypt:3  | Noticed an ancient lich
 82307 | Crypt:3  | Killed an ancient lich
 82349 | Crypt:3  | Found the +4 dagger "Morg" {pain, MR+ Int+5}
 82350 | Crypt:3  | Found a staircase to the Tomb.
 82698 | Crypt:3  | Identified Sophisticated Magic
 83366 | Pan      | Entered Pandemonium
 83389 | Pan      | Noticed Istoxuw the pandemonium lord
 83418 | Pan      | Killed Istoxuw the pandemonium lord
 83816 | Pan      | Reached skill level 5 in Spellcasting
 84248 | Pan      | Found a huge runed translucent gate.
 84494 | Pan      | Paralysed by accursed screaming for 1 turns
 84498 | Pan      | Gained mutation: You are weak. (Str -2) [a neqoxec]
 84667 | Pan      | Gained mutation: You are frail. (-10% HP) [a neqoxec]
 84671 | Pan      | Gained mutation: Your magical capacity is low. (-10% MP) [a
                  | neqoxec]
 85060 | Pan      | Found a huge runed translucent gate.
 85061 | Pan      | Found a huge runed translucent gate.
 85062 | Pan      | Found a huge runed translucent gate.
 85063 | Pan      | Found a huge runed translucent gate.
 85064 | Pan      | Found a huge runed translucent gate.
 85065 | Pan      | Found a huge runed translucent gate.
 85084 | Pan      | Noticed Dytuow the pandemonium lord
 85127 | Pan      | Killed Dytuow the pandemonium lord
 85420 | Pan      | Noticed Hyroptec the pandemonium lord
 85443 | Pan      | Killed Hyroptec the pandemonium lord
 85666 | Pan      | Reached skill level 5 in Translocations
 85818 | Pan      | Reached skill level 5 in Charms
 86340 | Pan      | Entered the realm of Cerebov.
 86363 | Pan      | Noticed Mennas
 86421 | Pan      | Killed Mennas
 86421 | Pan      | Reached skill level 5 in Air Magic
 87147 | Pan      | Identified the +6 sword of Cerebov {flame}
 87147 | Pan      | Noticed Cerebov
 87178 | Pan      | Identified the +5 war axe "Nyaskir" {freeze, Str+4}
 87290 | Pan      | Identified the +10 hand axe of Miace {vamp, +Rage rPois
                  | Int-4 Dex+2}
 87442 | Pan      | Killed Cerebov
 87693 | Pan      | Identified Ojaf's Handbook of Air and Shape Shifting
 87799 | Pan      | Got a fiery rune of Zot
 87916 | Pan      | Gained mutation: You are often teleported next to monsters.
                  | [a cacodemon]
 88225 | Pan      | Noticed Hennuimu the pandemonium lord
 88231 | Pan      | Gained mutation: Scrolls take you a little longer to read.
                  | [a cacodemon]
 88303 | Pan      | Lost mutation: Scrolls take you a little longer to read.
                  | [evolution]
 88411 | Pan      | Killed Hennuimu the pandemonium lord
 88491 | Pan      | Got a demonic rune of Zot
 88508 | Pan      | Was forgiven by Okawaru
 88509 | Pan      | Gained mutation: You frequently scream uncontrollably at
                  | your foes. [a cacodemon]
 88511 | Pan      | Gained mutation: You are clumsy. (Dex -2) [a cacodemon]
 89143 | Pan      | Entered the realm of Mnoleg.
 89258 | Pan      | Gained mutation: Your spells are a little easier to cast,
                  | but a little less powerful. [a cacodemon]
 89295 | Pan      | Noticed Mnoleg
 89319 | Pan      | Gained mutation: Your body sometimes deteriorates upon
                  | taking damage. [a shining eye]
 89353 | Pan      | Killed Mnoleg
 89410 | Pan      | Gained mutation: You tend to lose your temper in combat. [a
                  | neqoxec]
 89593 | Pan      | Gained mutation: You are very weak. (Str -4) [a cacodemon]
 90018 | Pan      | Gained mutation: Potions are less effective at restoring
                  | your health. [a neqoxec]
 90042 | Pan      | Found an exit through the horrors of the Abyss.
 90144 | Pan      | Got a glowing rune of Zot
 90206 | Pan      | Lost mutation: Your magical capacity is low. (-10% MP) [a
                  | cacodemon]
 90290 | Pan      | Got a fine chain mail
 90291 | Pan      | Identified the +1 chain mail "Xeockonalio" {rF+} (You found
                  | it in Pandemonium)
 90318 | Pan      | Identified the Disquisition on Stones and Stolen Souls
 90601 | Pan      | Gained mutation: Your spells are easier to cast, but less
                  | powerful. [a neqoxec]
 90648 | Pan      | Reached skill level 15 in Invocations
 91020 | Pan      | Found an exit through the horrors of the Abyss.
 91193 | Pan      | Gained mutation: You are dopey. (Int -2) [a cacodemon]
 91322 | Pan      | Found a transporter.
 91345 | Pan      | Found an exit through the horrors of the Abyss.
 91383 | Pan      | Gained mutation: You have a pair of small horns on your
                  | head. [evolution]
 91756 | Pan      | Found a transporter.
 92797 | Pan      | Got a warped tin ring
 92819 | Pan      | Identified the ring of Worukits {Fire MR- Str+2 Dex+6 SInv}
                  | (You found it in Pandemonium)
 92822 | Pan      | Got a vibrating jade ring
 92824 | Pan      | Identified the ring "Daru" {Wiz rN++} (You found it in
                  | Pandemonium)
 93460 | Pan      | Found a huge runed translucent gate.
 93460 | Pan      | Found a huge runed translucent gate.
 93461 | Pan      | Found a huge runed translucent gate.
 93461 | Pan      | Found a huge runed translucent gate.
 93462 | Pan      | Found a huge runed translucent gate.
 93462 | Pan      | Found a huge runed translucent gate.
 93463 | Pan      | Found a huge runed translucent gate.
 93463 | Pan      | Found a huge runed translucent gate.
 93464 | Pan      | Found a huge runed translucent gate.
 93464 | Pan      | Found a huge runed translucent gate.
 93464 | Pan      | Found a huge runed translucent gate.
 93465 | Pan      | Found a huge runed translucent gate.
 93465 | Pan      | Found a huge runed translucent gate.
 93465 | Pan      | Found a huge runed translucent gate.
 93465 | Pan      | Found a huge runed translucent gate.
 93465 | Pan      | Found a huge runed translucent gate.
 93467 | Pan      | Found a huge runed translucent gate.
 93467 | Pan      | Found a huge runed translucent gate.
 93467 | Pan      | Found a huge runed translucent gate.
 93467 | Pan      | Found a huge runed translucent gate.
 93467 | Pan      | Found a huge runed translucent gate.
 93468 | Pan      | Noticed Moecrer the pandemonium lord
 93598 | Pan      | Found an exit through the horrors of the Abyss.
 94158 | Pan      | Identified the +2 broad axe "Hutayrghamo" {freeze, MR-
                  | Str+4}
 94184 | Pan      | Killed Moecrer the pandemonium lord
 94265 | Pan      | Entered the realm of Lom Lobon.
 94335 | Pan      | Found an exit through the horrors of the Abyss.
 94390 | Pan      | Noticed Lom Lobon
 94413 | Pan      | Killed Lom Lobon
 94530 | Pan      | Got a magical rune of Zot
 95337 | Pan      | Gained mutation: You are partially covered in iridescent
                  | scales. (AC +2) [evolution]
 95726 | Pan      | Entered the realm of Gloorx Vloq.
 95874 | Pan      | Found an exit through the horrors of the Abyss.
 96392 | Pan      | Noticed Gloorx Vloq
 96438 | Pan      | Killed Gloorx Vloq
 96470 | Pan      | Got a dark rune of Zot
 97246 | Pan      | Noticed Wiezox the pandemonium lord
 97267 | Pan      | Killed Wiezox the pandemonium lord
 97452 | Pan      | Gained mutation: You often lose your temper in combat. [a
                  | cacodemon]
 97531 | Depths:3 | Escaped Pandemonium
 97547 | Hell     | Entered the Vestibule of Hell
 97547 | Hell     | Noticed Geryon
 97594 | Hell     | Killed Geryon
 97634 | Hell     | Found a gateway to the Iron City of Dis.
 97647 | Dis:1    | Entered Level 1 of the Iron City of Dis
 98901 | Dis:7    | Entered Level 7 of the Iron City of Dis
 99196 | Dis:7    | HP: 8/179 [Hell Sentinel/damnation (16)]
 99201 | Dis:7    | The Shining One protects you from harm!
 99206 | Dis:7    | The Shining One protects you from harm!
 99479 | Dis:7    | Gained mutation: Your magical capacity is low. (-10% MP) [a
                  | cacodemon]
 99547 | Dis:7    | Identified the +4 staff of Dispater
 99547 | Dis:7    | Noticed Dispater
 99591 | Dis:7    | Killed Dispater
 99769 | Dis:7    | Gained mutation: You expend magic power (3 MP) to
                  | strengthen your wands. [evolution]
 99870 | Dis:7    | Got an iron rune of Zot
100137 | Hell     | Found a gateway to the freezing wastes of Cocytus.
100211 | Coc:1    | Entered Level 1 of Cocytus
100977 | Coc:7    | Entered Level 7 of Cocytus
101364 | Coc:7    | Found the +2 cloak of the Thief {+Fog Slay-2 SInv Stlth+}
101484 | Coc:7    | Noticed Antaeus
101603 | Coc:7    | Killed Antaeus
101763 | Coc:7    | Identified the Almanac of Frigorific Air
101768 | Coc:7    | Got an icy rune of Zot
101772 | Coc:7    | Got a fine ivory ring
101773 | Coc:7    | Identified the ring of the Lotus Blossom {rElec rF+ MR-
                  | Str+2 Dex+2} (You found it on level 7 of Cocytus)
101779 | Coc:7    | Got a faintly glowing brass ring
101780 | Coc:7    | Identified the cursed ring of Piyciblaoh {AC-2 Int+2} (You
                  | found it on level 7 of Cocytus)
101867 | Hell     | Noticed Murray
101895 | Hell     | Killed Murray
101964 | Hell     | Found a gateway to the decaying netherworld of Tartarus.
101981 | Tar:1    | Entered Level 1 of Tartarus
102222 | Tar:3    | Learned a level 6 spell: Deflect Missiles
102454 | Tar:3    | Reached skill level 10 in Spellcasting
102774 | Tar:3    | Reached skill level 10 in Charms
103119 | Tar:5    | Lost mutation: You frequently scream uncontrollably at your
                  | foes. [mutagenic glow]
103434 | Tar:6    | Reached skill level 10 in Air Magic
103912 | Tar:7    | Entered Level 7 of Tartarus
104150 | Tar:7    | Noticed the Serpent of Hell
104167 | Tar:7    | Killed the Serpent of Hell
104292 | Tar:7    | Noticed Ereshkigal
104313 | Tar:7    | Killed Ereshkigal
104487 | Tar:7    | Got a translucent steel ring
104491 | Tar:7    | Identified the ring "Ikumuqa" {+Fly rElec Stlth+} (You
                  | found it on level 7 of Tartarus)
104495 | Tar:7    | Got a translucent glass ring
104496 | Tar:7    | Identified the ring "Fynuguoch" {Ice Str+4} (You found it
                  | on level 7 of Tartarus)
104561 | Tar:7    | Got a bone rune of Zot
104562 | Tar:7    | Identified the Almanac of Creation and Clay
104653 | Hell     | Found a gateway to the ashen valley of Gehenna.
104697 | Geh:1    | Entered Level 1 of Gehenna
105762 | Geh:7    | Entered Level 7 of Gehenna
106399 | Geh:7    | Identified the +7 sceptre of Asmodeus
106399 | Geh:7    | Noticed Asmodeus
106427 | Geh:7    | Killed Asmodeus
106458 | Geh:7    | Got an obsidian rune of Zot
107269 | Tomb:1   | Entered Level 1 of the Tomb of the Ancients
107408 | Tomb:1   | Reached skill level 15 in Spellcasting
107625 | Tomb:1   | Noticed a greater mummy
107627 | Tomb:1   | Noticed a greater mummy
107645 | Tomb:1   | Killed a greater mummy
107782 | Tomb:2   | Noticed an ancient lich
107782 | Tomb:2   | Noticed a greater mummy
107785 | Tomb:2   | Noticed a greater mummy
107785 | Tomb:2   | Noticed a greater mummy
107799 | Tomb:2   | Killed a greater mummy
107807 | Tomb:2   | Killed an ancient lich
107807 | Tomb:2   | Reached skill level 15 in Charms
107814 | Tomb:2   | Killed a greater mummy
107815 | Tomb:2   | Killed a greater mummy
108061 | Tomb:2   | Lost mutation: You evolve. [end of evolution]
108227 | Tomb:1   | Noticed a greater mummy
108227 | Tomb:1   | Noticed a greater mummy
108228 | Tomb:1   | Noticed a greater mummy
108228 | Tomb:1   | Noticed a greater mummy
108241 | Tomb:1   | Noticed a greater mummy
108248 | Tomb:1   | Noticed a greater mummy
108249 | Tomb:1   | Noticed a greater mummy
108649 | Tomb:1   | Killed a greater mummy
108716 | Tomb:1   | Noticed a greater mummy
108719 | Tomb:1   | Killed a greater mummy
108723 | Tomb:1   | Killed a greater mummy
108726 | Tomb:1   | Killed a greater mummy
108735 | Tomb:1   | Noticed a greater mummy
108837 | Tomb:1   | Noticed a greater mummy
108846 | Tomb:1   | Killed a greater mummy
108846 | Tomb:1   | Noticed a greater mummy
108872 | Tomb:1   | Killed a greater mummy
108880 | Tomb:1   | Killed a greater mummy
109097 | Tomb:1   | Noticed a greater mummy
109114 | Tomb:1   | Killed a greater mummy
109177 | Tomb:1   | Killed a greater mummy
109201 | Tomb:1   | Killed a greater mummy
109228 | Tomb:1   | Killed a greater mummy
109461 | Tomb:1   | Killed a greater mummy
109468 | Tomb:1   | Killed a greater mummy
109468 | Tomb:1   | Reached skill level 15 in Air Magic
110293 | Tomb:3   | Entered Level 3 of the Tomb of the Ancients
110353 | Tomb:3   | Noticed a greater mummy
110355 | Tomb:3   | Noticed a greater mummy
110376 | Tomb:3   | Noticed a greater mummy
110385 | Tomb:3   | Killed a greater mummy
110391 | Tomb:3   | Killed a greater mummy
110391 | Tomb:3   | Noticed a greater mummy
110392 | Tomb:3   | Killed a greater mummy
110404 | Tomb:3   | Killed a greater mummy
110473 | Tomb:3   | Found the +6 Majin-Bo {vamp, Archmagi MP+6 Int+6}
110510 | Tomb:3   | Identified the ring of Nummenwo {rF+ Int+5} (You found it
                  | on level 3 of the Tomb of the Ancients)
110654 | Tomb:3   | Noticed an ancient lich
110669 | Tomb:3   | Killed an ancient lich
110703 | Tomb:3   | Noticed a greater mummy
110720 | Tomb:3   | Killed a greater mummy
110743 | Tomb:3   | Noticed a greater mummy
110747 | Tomb:3   | Noticed a greater mummy
110751 | Tomb:3   | Noticed a greater mummy
110752 | Tomb:3   | Killed a greater mummy
110758 | Tomb:3   | Killed a greater mummy
110764 | Tomb:3   | Killed a greater mummy
111003 | Tomb:3   | Got a golden rune of Zot
111896 | Zot:5    | Got the Orb of Zot
111911 | Zot:5    | Noticed Cidgheev the pandemonium lord
112205 | Depths:1 | Noticed Gizxusia the pandemonium lord
112236 | Depths:1 | Killed Gizxusia the pandemonium lord
112461 | D:6      | Noticed Rahe the pandemonium lord
112561 | D:$      | Escaped with the Orb!

Levels and vault maps discovered:
D:1:      sevenhm_arrival_forest_fort_small_4, layout_basic
D:2:      layout_loops_ring, minitemple, kennysheep_big_empty_room
D:3:      layout_basic, first_ration, gup_sewer_entry_glass, uniq_natasha
D:4:      layout_basic, grunt_qazlal_clouds, uniq_menkaure, uniq_ijyb,
          uniq_sigmund
D:5:      layout_basic
D:6:      layout_basic, grunt_temple_overflow_gold_and_silver,
          kiku_gazebo_pond_becter, minmay_temple_entry_junction, trog_wizard,
          uniq_duvessa
D:7:      layout_rooms, serial_shops, shop, uniq_pikel, uniq_crazy_yiuf_cottage
D:8:      layout_loops_cross, old_standard_altar,
          nicolae_ossuary_entry_monument, tso_altar
D:9:      layout_long_grid, erik_orc_4, fedhas_altar_4, uniq_maurice
D:10:     layout_basic
D:11:     layout_roguey, david_lair_shrubbed
D:12:     layout_basic
D:13:     layout_layer_cave, david_vaults_4
D:14:     layout_basic, serial_curves, eino_curves_02, eino_curves_01,
          serial_bayou_pond_d
D:15:     grunt_enter_depths_magical_seal, layout_rooms,
          hangedman_decor_diamond_cutter, hangedman_parallel_progression
Lair:1:   layout_layer_cave, lemuel_fruit_fields
Lair:2:   layout_loops_ring, disabler_island, lemuel_fruit_fields
Lair:3:   gammafunk_mikee_crab_dinner, layout_loops_ring,
          nicolae_swamp_entry_splash_gauntlet, minmay_snake_entry_six_corridors
Lair:4:   lemuel_slime, layout_hall_layers, gammafunk_ghost_arena,
          serial_bayou_shore_b
Lair:5:   beast_lair_carwin_large_1, layout_layer_cave,
          minmay_slime_entry_oklob_enclosed, chequers_serial_rivers_large_b,
          lemuel_fruit_fields
Lair:6:   grunt_lair_end_beastmaster, layout_misc_corridors,
          minmay_stone_trees_medium, lemuel_oklob_altar, uniq_nessos, uniq_urug
Swamp:1:  layout_falls_marsh, portal_ice_cave_entry_frozen_things,
          evilmike_swamp_ruin_house_2, swamp_pool3, uniq_nikola
Swamp:2:  cheibrodos_swamp_heart_of_darkness, layout_falls_marsh,
          nicolae_swamp_stair_fork, swamp_pool2
Swamp:3:  layout_falls_marsh, hangedman_swamp_lotus, uniq_louise
Swamp:4:  swamp_alternative, layout_basic_swamp, swamp_pool3,
          hangedman_swamp_pad, nicolae_swamp_spriggan_camp
Snake:1:  layout_grid_maze, minmay_shop_grove
Snake:2:  layout_basic, serial_bayou_pond_d, hangedman_snake_pattern,
          uniq_azrael
Snake:3:  skrybe_snakes_to_sticks, layout_rooms, basic_altar,
          serial_bayou_pond_e, uniq_mara
Snake:4:  snake_pit_salamanders_mu, layout_cave_town
Slime:1:  layout_caves, basic_altar
Slime:2:  layout_caves
Slime:3:  layout_caves, nicolae_slime_barrier
Slime:4:  layout_caves
Slime:5
Orc:1:    layout_caves, serial_shops, shop
Orc:2:    grunt_orc_community_town_hall, layout_diamond_mine,
          grunt_orc_community_big_house_1, grunt_orc_community_big_house_2,
          grunt_orc_community_house_3, grunt_orc_community_house_1,
          grunt_orc_community_house_3, grunt_orc_community_house_1,
          grunt_orc_community_house_3, serial_shops, nicolae_shop_stone,
          uniq_donald, uniq_snorg, uniq_saint_roka
Elf:1:    eino_elf_arrival_sip, layout_loops_corners, serial_shops,
          nicolae_shop_crystal, hangedman_elf_disciples
Elf:2:    layout_gridlike, basic_altar
Elf:3:    elf_hall, layout_geoelf_diagonals, serial_shops, nicolae_shop_stone,
          minmay_shop_enchanted_jewellery
Vaults:1: nicolae_vaults_big_ls, nicolae_vaults_rhombus_6, v_misc_22,
          nicolae_vaults_arrows, v_misc_15, hangedman_vaults_unwind,
          nicolae_vaults_diagonal_hallway_7, grunt_vaults_focal, v_rooms_3,
          ontoclasm_vaults_ring_small, vaults_room_fancy_cross,
          ontoclasm_vaults_ring_small, vaults_room_stairs_pillars,
          layout_vaults_maze
Vaults:2: nicolae_vaults_puzzle_piece, nicolae_vaults_hallways_thing,
          nicolae_vaults_border_crossing, nicolae_vaults_alarming,
          minmay_crypt_entry_necro_gods, nicolae_vaults_network_periphery,
          nicolae_vaults_shelves_hall, layout_vaults_quadrants
Vaults:3: v_pattern_3, hangedman_vaults_hat, nicolae_vaults_diagonal_hallway_6,
          hangedman_vaults_capsules, nicolae_vaults_specimen_jars,
          hangedman_vaults_stream, vaults_dpeg_hooks, v_misc_10, v_misc_2,
          st_cells, layout_vaults_omnicross, serial_shops, shop
Vaults:4: hangedman_vaults_river_flow, ontoclasm_vaults_claustrophobia,
          v_alt_pattern_1, vaults_room_glass_cross, v_misc_10,
          hangedman_vaults_corner_blocks, hangedman_vaults_locks, v_misc_12,
          grunt_vaults_twisty, vaults_dpeg_diagonal,
          nicolae_vaults_three_branches, nicolae_vaults_little_squares_4,
          layout_vaults_ring, serial_shops, shop
Vaults:5: serial_shops
Crypt:1:  layout_chaotic_city, st_stairs_14, chequers_hall_statues_corner_a,
          uniq_aizul
Crypt:2:  layout_gridlike, minmay_misc_feat_five, wad_floor_pattern_untrapped
Crypt:3:  cryptofortress_bobbens
Tomb:1
Tomb:2
Tomb:3
Depths:1: layout_forbidden_donut, enter_ziggurat_c,
          pf_vacation_house_of_asmodeus, minmay_misc_feat_nine_boxes,
          minmay_hidden_floor, kennysheep_random_hallway, serial_bayou_shore_b,
          uniq_bai_suzhen
Depths:2: minmay_the_grid_triangle_9x9_rhombus_thin_mashed
          [minmay_the_grid_triangle_9x9_cache,
          minmay_the_grid_triangle_9x9_prize_top_heavy,
          minmay_the_grid_triangle_9x9_steps,
          minmay_the_grid_triangle_9x9_swiss_cheese], layout_long_grid,
          kennysheep_small_spiral, hell_entry, hangedman_abyss_or_decor_stabs,
          minmay_misc_feat_diagonals
Depths:3: box_level_dp, pan_entry, hell_entry
Depths:4: minmay_broken_ring, layout_cave_pools, abyss_entry, hell_entry,
          grunt_pan_entry_zigzag, serial_co_window_serial,
          co_window_of_opportunity_a, co_window_cross_1, co_window_cross_1,
          co_window_paths_a, co_window_paths_b, co_window_broadway_c,
          co_window_paths_c, co_window_corner_b, co_window_cross_2,
          co_window_corner_b, hangedman_abyss_or_decor_clamps,
          infiniplex_staircase_door_maze, uniq_frederick
Depths:5: grunt_zot_entry_alcove, layout_basic, serial_sigils,
          serial_sigils_hangedman_stare, serial_sigils_hangedman_etch,
          serial_sigils_hangedman_gnaw, serial_sigils_hangedman_gut,
          serial_sigils_hangedman_gut, serial_sigils_hangedman_shear,
          hell_entry, serial_shops, bzr_entry_islet, minmay_misc_feat_plants
Hell
Dis:1:    hangedman_iron_city_apartments, layout_regular_city
Dis:2:    layout_gridville
Dis:3:    layout_chaotic_city
Dis:4:    layout_jigsaw
Dis:5:    layout_regular_city
Dis:6:    lemuel_dis_dragons, layout_chaotic_city
Dis:7:    dis_st
Geh:1:    layout_gehenna_lava_caves
Geh:2:    layout_gehenna_pools_box
Geh:3:    layout_gehenna_lava_caves
Geh:4:    layout_gehenna_pools_triple
Geh:5:    layout_gehenna_pools_box, special_room [special_room_morgue]
Geh:6:    layout_gehenna_lava_caves
Geh:7:    geh_grunt
Coc:1:    layout_ice_bergs
Coc:2:    layout_ice_bergs
Coc:3:    layout_cocytus_water_paths
Coc:4:    layout_cocytus_water_paths
Coc:5:    layout_ice_bergs
Coc:6:    layout_cocytus_water_paths
Coc:7:    coc_hangedman
Tar:1:    layout_grid_maze
Tar:2:    layout_grid_maze, nicolae_tar_cuneiform_city,
          nicolae_tar_cuneiform_heaven
Tar:3:    layout_grid_maze, grunt_megastairs_1
Tar:4:    layout_grid_maze, nicolae_tar_cuneiform_bird
Tar:5:    layout_catacombs, grunt_megastairs_2
Tar:6:    layout_honeycomb
Tar:7:    tar_minmay_river
Zot:1:    layout_gridlike, ebering_ghost_gozag, grunt_ministairs_12
Zot:2:    lemuel_draconian_sentries, layout_twisted_circle
Zot:3:    layout_basic, grunt_megastairs_4
Zot:4:    grunt_deathspiral_small, layout_cathedral_of_symmetry,
          bh_zot_ikea_curve, hangedman_player_shredder
Zot:5:    layout_gridlike

Skill      XL: |  1  2  3  4  5  6  7  8  9 10 11 12 13 14 15 16 17 18 19 20 21 22 23 24 25 26 27 |
---------------+----------------------------------------------------------------------------------+-----
Maces & Flails | 3 4 6 8 10 13 14 15 16 23 | 23.5
Fighting       | 4 5 7 8 9 10 13 15 17 19 20 21 22 23 27 | 27.0
Shields        | 4 5 9 12 15 17 19 20 25 | 25.0
Armour         | 4 5 7 8 9 10 13 15 17 19 20 21 22 23 27 | 27.0
Invocations    | 3 6 7 8 25 | 25.0
Evocations     | 4 5 6 8 |  8.0
Dodging        | 2 4 6 8 10 11 12 24 | 24.0
Slings         | 6 12 14 | 14.0
Translocations | 2 8 |  8.6
Spellcasting   | 3 4 16 | 16.9
Air Magic      | 2 15 | 15.4
Charms         | 2 16 | 16.5

Action                   |  1- 3 |  4- 6 |  7- 9 | 10-12 | 13-15 | 16-18 | 19-21 | 22-24 | 25-27 || total
-------------------------+-------+-------+-------+-------+-------+-------+-------+-------+-------++-------
Melee: Flail             |    93 |   254 |   309 |       |       |       |       |       |       ||   656
       Dire flail        |       |       |   176 |   530 |       |       |       |       |       ||   706
       Eveningstar       |       |       |       |    66 |       |       |       |   674 |  1846 ||  2586
       Demon whip        |       |       |       |   203 |  1133 |   964 |   889 |   849 |  3963 ||  8001
       Sacred scourge    |       |       |       |       |       |       |       |       |  7853 ||  7853
       Headbutt          |       |       |       |       |       |       |       |       |  3058 ||  3058
 Fire: Fustibalus        |       |       |       |       |   383 |  1053 |  1667 |   686 |  2138 ||  5927
 Cast: Blink             |       |       |       |       |       |       |       |       |     1 ||     1
       Deflect Missiles  |       |       |       |       |       |       |       |       |     1 ||     1
Invok: Heroism           |       |       |     4 |     7 |     9 |     4 |       |     5 |     6 ||    35
       Finesse           |       |       |       |       |     4 |     1 |       |     3 |     3 ||    11
       Cleansing Flame   |       |       |       |       |       |       |       |       |   104 ||   104
       Summon Divine War |       |       |       |       |       |       |       |       |     9 ||     9
       Divine Shield     |       |       |       |       |       |       |       |       |     2 ||     2
       Brand Weapon With |       |       |       |       |       |       |       |       |     1 ||     1
 Abil: Fly               |       |       |       |       |       |       |       |       |     4 ||     4
       Stop Flying       |       |       |       |       |       |       |       |       |     3 ||     3
Evoke: Wand              |       |       |       |     4 |     6 |     3 |       |       |    21 ||    34
       Lamp of fire      |       |       |       |       |     1 |     2 |       |     1 |     3 ||     7
       Sack of spiders   |       |       |       |       |       |     2 |       |       |     4 ||     6
       Box of beasts     |       |       |       |       |       |       |       |       |     1 ||     1
  Use: Scroll            |     6 |     7 |     5 |    14 |    15 |    13 |     4 |    14 |    63 ||   141
       Potion            |       |       |       |     2 |     1 |     1 |       |       |    27 ||    31
 Stab: Distracted        |       |       |       |     1 |       |       |       |       |     3 ||     4
       Sleeping          |       |       |       |       |     3 |       |       |       |       ||     3
       Petrified         |       |       |       |       |     8 |       |       |       |       ||     8
       Confused          |       |       |       |       |       |       |     3 |     1 |     3 ||     7
       Paralysed         |       |       |       |       |       |       |       |     1 |       ||     1
       Invisible         |       |       |       |       |       |       |       |       |    19 ||    19
  Eat: Chunk             |     1 |     4 |    10 |    15 |    25 |    19 |    24 |    21 |    58 ||   177
       Ration            |     1 |       |     1 |     2 |     4 |     3 |     1 |     2 |    44 ||    58
Armor: Scale mail        |    74 |   179 |    46 |    97 |   338 |       |       |       |       ||   734
       Plate armour      |       |       |   269 |   443 |    96 |   357 |       |       |       ||  1165
       Crystal plate arm |       |       |       |       |       |    74 |   609 |   581 |       ||  1264
       Gold dragon scale |       |       |       |       |       |       |       |   217 |  5176 ||  5393
Dodge: Dodged            |    41 |   140 |   129 |   234 |   249 |   263 |   284 |   321 |  4279 ||  5940
       Deflected         |       |       |       |       |       |       |       |       |     2 ||     2
Block: Shield            |    60 |   126 |       |   106 |   619 |   889 |   938 |   697 |       ||  3435
       Buckler           |       |    20 |    62 |       |       |       |       |       |       ||    82
       Reflection        |       |       |       |       |    39 |    84 |    82 |    37 |       ||   242
       Large shield      |       |       |       |       |       |       |       |   809 | 19036 || 19845
